 Dungeon Crawl Stone Soup version 0.31-a0-978-g1e143483b6 (webtiles) character file.

Game seed: 8112252394444993435

1786890 EnegeticOcto the Bewitcher (level 25, 94/148 HPs)
             Began as a Felid Chaos Knight on Oct 30, 2023.
             Was a Favourite Plaything of Xom.
             Escaped with the Orb
             ... and 3 runes!
             The game lasted 02:53:36 (58373 turns).

EnegeticOcto the Bewitcher (Felid Chaos Knight)    Turns: 58373, Time: 02:53:36

Health: 94/148     AC: 32    Str:  4    XL:     25   Next: 41%
Magic:  39/39      EV: 45    Int: 15    God:    Xom [*.....]
Gold:   7845       SH:  0    Dex: 29    Spells: 13/46 levels left
                                        Lives:  2   Deaths: 4

rFire   + .          .
                       - Unarmed
rCold   + . .        (shield unavailable)
rNeg    + . .        (body armour unavailable)
rPois   ∞            (helmet unavailable)
rElec   +            (cloak unavailable)
rCorr   +            (gloves unavailable)
SInv    +            (boots unavailable)
Will    +++..        L - amulet of Vitality {RegenMP++ Regen++}
Stlth   ++           W - ring of Avvi {rF+ rCorr Str+2 Int-3}
HPRegen 2.04/turn    Y - ring of protection from cold
MPRegen 1.06/turn

%: clarity
@: statue-form, hasted, studying 2 skills
A: slow and powerful, torment resistance 1, boosted hp, very small, claws 1,
fangs 3, see invisible, (speed 1), (shaggy fur 3), stealthy paws, no weapons or
thrown items, no armour, multi-lived, antennae 1, (iridescent scales 1), agile
1, clarity, clever 1, frail 1, passive freeze, electricity resistance, weak 2,
MP-powered wands
0: Orb of Zot
}: 3/15 runes: decaying, silver, gossamer
a: Begin Untransformation, Renounce Religion


You escaped.
You worshipped Xom.
You were a special plaything of Xom.
You were a living statue of rough stone.
You visited 10 branches of the dungeon, and saw 50 of its levels.
You visited the Abyss 1 time.
You visited 1 bazaar.

You collected 10995 gold pieces.
You spent 3150 gold pieces at shops.

Inventory:

Jewellery
 b - a ring of willpower
   (You found it on level 1 of the Dungeon)
 h - the ring of the Fiend {rF+ rC- Will+ Str+3 SInv}
   (You found it on level 3 of the Crypt)

   [ring of protection from fire]

   Str+3:     It affects your strength (+3).
   rF+:       It protects you from fire.
   rC-:       It makes you vulnerable to cold.
   Will+:     It increases your willpower.
   SInv:      It lets you see invisible.
 E - a ring of flight
   (You found it on level 2 of the Spider Nest)
 K - a ring of protection from fire
   (You bought it in a shop on level 2 of the Orcish Mines)
 L - the amulet of Vitality (around neck) {RegenMP++ Regen++}
   (Xom gifted it to you on level 14 of the Dungeon)

   [amulet of magic regeneration]

   RegenMP:   It increases your rate of magic regeneration.
   Regen++:   It increases your rate of health regeneration.
 T - the ring "Faeptag" {rElec AC+4 Int+4}
   (You took it off a deep elf death mage on level 3 of the Elven Halls)

   [ring of protection]

   AC+4:      It affects your AC (+4).
   Int+4:     It affects your intelligence (+4).
   rElec:     It insulates you from electricity.
 U - the dreamshard necklace {Acrobat *Dream}
   (You acquired it on level 4 of the Vaults)

   [amulet of the acrobat]

   *Dream:    It absorbs a single lethal wound into itself, holding its wearer
   just short of death and releasing dream-creatures to guard them.
   Acrobat:   It increases your evasion while moving and waiting.
 W - the ring of Avvi (left paw) {rF+ rCorr Str+2 Int-3}
   (You acquired it on level 1 of the Realm of Zot)

   [ring of resist corrosion]

   Str+2:     It affects your strength (+2).
   Int-3:     It affects your intelligence (-3).
   rF+:       It protects you from fire.
   rCorr:     It protects you from acid and corrosion.
 Y - a ring of protection from cold (right paw)
   (You took it off an ogre mage on level 5 of the Vaults)
Talismans
 P - a granite talisman (active)
   (You found it on level 5 of the Lair of Beasts)
Wands
 u - a wand of charming (29)
   (You found it on level 7 of the Dungeon)
 x - a wand of polymorph (22)
   (You found it on level 12 of the Dungeon)
 y - a wand of flame (94) {@v4}
   (You found it on level 7 of the Dungeon)
 B - a wand of digging (39) {@v3}
   (You found it on level 9 of the Dungeon)
 D - a wand of light (51) {@v1}
   (You found it on level 2 of the Lair of Beasts)
 N - a wand of mindburst (38)
   (You found it on level 15 of the Dungeon)
 O - a wand of roots (22) {@v2}
   (You found it on level 15 of the Dungeon)
Scrolls
 k - 3 scrolls of fog {!r}
 m - 6 scrolls of summoning
 n - 2 scrolls of revelation {@r5 !r}
 o - 16 scrolls of teleportation {@r3 !r}
 q - a scroll of silence {!r}
 t - 3 scrolls of torment
 w - 7 scrolls of fear {!r}
 A - 7 scrolls of vulnerability
 C - 6 scrolls of poison
 F - 7 scrolls of amnesia
 I - 5 scrolls of immolation
Potions
 d - 2 potions of brilliance
 e - 3 potions of haste {@q4 !q}
 g - 23 potions of curing {@q1 !q}
 i - 8 potions of might {@q3 !q}
 j - 7 potions of cancellation
 l - 6 potions of invisibility
 r - 8 potions of enlightenment
 s - a potion of mutation
 v - 6 potions of resistance
 z - 2 potions of attraction
 G - 11 potions of lignification {@q6}
 H - 8 potions of heal wounds {@q2 !q}
 J - 9 potions of ambrosia
 M - 5 potions of berserk rage
 Q - 4 potions of magic
Miscellaneous
 c - a phial of floods
   (You found it on level 4 of the Vaults)
 p - a lightning rod (4/4)
   (You found it on level 5 of the Vaults)
 R - a sack of spiders
   (You found it on level 3 of the Crypt)
 S - a condenser vane
   (You found it on level 2 of the Depths)
 V - a phantom mirror
   (You found it on level 3 of the Vaults)


   Skills:
 - Level 20.9 Fighting
 - Level 20.9 Dodging
 - Level 12.0 Stealth
 - Level 20.9 Unarmed Combat
 + Level 11.3 Spellcasting
 - Level 2.0 Conjurations
 - Level 20.9 Hexes
 - Level 7.0 Summonings
 - Level 12.0 Translocations
 - Level 1.0 Transmutations
 - Level 7.0 Ice Magic
 - Level 5.0 Air Magic
 - Level 1.0 Earth Magic
 + Level 16.6 Evocations
 - Level 20.9 Shapeshifting


You had 13 spell levels left.
You knew the following spells:

 Your Spells              Type           Power      Damage    Failure   Level
a - Ensorcelled Hibernat  Hex/Ice        100%       N/A       1%          2
b - Summon Mana Viper     Hex/Summ       50%        N/A       1%          5
c - Manifold Assault      Tloc           44%        N/A       1%          4
d - Shock                 Conj/Air       76%        1d7       1%          1
e - Silence               Hex/Air        23%        N/A       1%          5
f - Tukima's Dance        Hex            63%        N/A       0%          3
g - Cause Fear            Hex            31%        N/A       0%          4
h - Vhi's Electric Charg  Tloc/Air       68%        N/A       2%          4
i - Apportation           Tloc           88%        N/A       1%          1
p - Passwall              Tmut/Erth      9%         N/A       9%          2
Y - Blink                 Tloc           88%        N/A       1%          2

Your spell library contained the following spells:

 Spells                   Type           Power      Damage    Failure   Level
 Jinxbite                 Hex            100%       N/A       0%          2
 Freeze                   Ice            100%       1d10      1%          1
 Summon Small Mammal      Summ           100%       N/A       1%          1
 Call Imp                 Summ           58%        N/A       1%          2
 Call Canine Familiar     Summ           29%        N/A       1%          3
 Dazzling Flash           Conj/Hex       84%        N/A       1%          3
 Frozen Ramparts          Ice            58%        1d9       1%          3
 Gell's Gravitas          Tloc           44%        N/A       1%          3
 Ozocubu's Armour         Ice            29%        N/A       1%          3
 Summon Guardian Golem    Hex/Summ       50%        N/A       1%          3
 Teleport Other           Tloc           44%        N/A       1%          3
 Anguish                  Hex/Necr       19%        N/A       1%          4
 Fulminant Prism          Conj/Hex       21%        3d12      1%          4
 Leda's Liquefaction      Hex/Erth       20%        N/A       1%          4
 Passage of Golubria      Tloc           44%        N/A       1%          4
 Metabolic Englaciation   Hex/Ice        25%        N/A       1%          5
 Enfeeble                 Hex            31%        N/A       1%          7
 Volatile Blastmotes      Fire/Tloc      52%        2d14      2%          3
 Yara's Violent Unravell  Hex/Tmut       20%        3d9       2%          5
 Magic Dart               Conj           56%        1d5       3%          1
 Swiftness                Air            23%        N/A       3%          3
 Hailstorm                Conj/Ice       22%        3d7       4%          3
 Iskenderun's Mystic Bla  Conj/Tloc      29%        2d7       4%          4
 Summon Ice Beast         Ice/Summ       29%        N/A       4%          4
 Summon Forest            Summ/Tloc      18%        N/A       4%          5
 Searing Ray              Conj           28%        2d5       5%          2
 Summon Lightning Spire   Summ/Air       26%        N/A       7%          4
 Necrotise                Necr           32%        1d5       9%          1
 Mephitic Cloud           Conj/Pois/Air  15%        N/A       10%         3
 Dispersal                Tloc           22%        N/A       10%         6
 Airstrike                Air            11%        2d(2-18)  11%         4
 Discord                  Hex            31%        N/A       11%         8
 Ignite Poison            Fire/Tmut/Pois 9%         N/A       22%         3
 Vampiric Draining        Necr           8%         2d6       26%         3
 Brom's Barrelling Bould  Conj/Erth      13%        2d4       41%         4
 Sticky Flame             Conj/Fire      11%        2d3       50%         4
 Arcjolt                  Conj/Air       9%         1d19      50%         5
 Animate Dead             Necr           8%         N/A       63%         4
 Olgreb's Toxic Radiance  Pois           8%         N/A       63%         4
 Iskenderun's Battlesphe  Conj           14%        2d7       71%         5
 Fireball                 Conj/Fire      5%         3d5       83%         5
 Lee's Rapid Deconstruct  Erth           5%         3d6*      83%         5
 Alistair's Intoxication  Tmut/Pois      6%         N/A       88%         5
 Agony                    Necr           8%         N/A       93%         5
 Conjure Ball Lightning   Conj/Air       9%         3x3d6     97%         6
 Simulacrum               Ice/Necr       9%         N/A       97%         6
 Plasma Beam              Fire/Air       8%         2x1d18    99%         6
 Monstrous Menagerie      Summ           14%        N/A       99%         7
 Ozocubu's Refrigeration  Ice            14%        4d10      99%         7
 Summon Hydra             Summ           14%        N/A       99%         7
 Disjunction              Tloc           22%        N/A       99%         8
 Bombard                  Conj/Erth      6%         9d2       100%        6
 Eringya's Noxious Bog    Tmut/Pois      5%         4d6       100%        6
 Starburst                Conj/Fire      5%         6d4       100%        6
 Haunt                    Necr/Summ      9%         N/A       100%        7
 Orb of Destruction       Conj           7%         9d6       100%        7
 Ignition                 Fire           4%         3d4       100%        8
 Infestation              Necr           4%         N/A       100%        8
 Maxwell's Capacitive Co  Air            11%        ∞         100%        8
 Summon Horrible Things   Summ           14%        N/A       100%        8
 Dragon's Call            Summ           14%        N/A       100%        9
 Polar Vortex             Ice            14%        12d1*     100%        9
 Animate Armour           Summ/Erth      Unusable   N/A       N/A         4

Dungeon Overview and Level Annotations

Branches:
Dungeon (15/15)            Temple (0/1) D:4            Lair (5/5) D:10
  Swamp (4/4) Lair:3       Spider (4/4) Lair:2        Slime (0/5) Lair:4
    Orc (2/2) D:11            Elf (3/3) Orc:2        Vaults (5/5) D:14
  Crypt (3/3) Vaults:2       Tomb (0/3) Crypt:3      Depths (4/4) D:15
    Zot (5/5) Depths:4

Altars:
Cheibriados
Dithmenos
Fedhas
Kikubaaqudgha
Makhleb
Okawaru
Ru
Uskayaw
Xom
Yredelemnul
Jiyva

Shops:
D:3 [   D:9 [[:   Orc:2 *[   Elf:3 ([   Vaults:3 [   Depths:1 ::

Portals:
Hell: Depths:1 Depths:2 Depths:3 Depths:4
Abyss: Depths:2 Depths:3 Depths:4
Pandemonium: Depths:1 Depths:2 Depths:3 Depths:4
Ziggurat: Depths:4
Trove: D:14 (give 11 potions of heal wounds)

Annotations:
Orc:2 3 runed translucent doors, exclusion: 4 doors, haldagan's ghost, journeyman DrSh


Innate Abilities, Weirdness & Mutations

You are a living statue of rough stone.
Your actions are slow, but your melee attacks are powerful.
You are resistant to unholy torment.
Your maximum health is greatly increased.
You are immune to poison.
You have sharp claws.
You have razor-sharp teeth.
You have supernaturally acute eyesight. (SInv)
((You cover ground quickly. (Speed+)))
((Your thick and shaggy fur keeps you warm. (AC +3, rC+)))
Your paws help you pounce on unaware monsters.
You are incapable of wielding weapons or throwing items.
You cannot wear armour.
You gain extra lives every three experience levels.
You have a pair of small antennae on your head.
((You are partially covered in iridescent scales. (AC +2)))
You are agile. (Dex +4, Str/Int -1)
You possess an exceptional clarity of mind.
Your mind is acute. (Int +4, Str/Dex -1)
You are frail. (-10% HP)
A frigid envelope surrounds you and freezes all who hurt you.
You are resistant to electric shocks. (rElec)
You are very weak. (Str -4)
You expend magic power (3 MP) to strengthen your wands.


Message History

The sun demon is engulfed in seething chaos.
The sun demon seems to slow down.
Something touches your butterfly!
Your butterfly dies!
Your butterfly disappears in a burst of colours!
You are engulfed in seething chaos.
You feel very mighty all of a sudden.
The sun demon is no longer moving slowly.
Guysi hits your butterfly!
Your butterfly dies!
Your butterfly disappears in a burst of colours!
Your butterfly is engulfed in seething chaos.
Your butterfly seems to speed up.
Guysi hits your butterfly!!!
Your butterfly dies!
Your butterfly disappears in a burst of colours!
Your butterfly is engulfed in seething chaos.
Your butterfly is engulfed in seething chaos.
Your butterfly evaporates and reforms as a bat!
Your bat completely misses Guysi.
Something touches the bush!
Something completely misses your butterfly.
The sun demon is engulfed in seething chaos.
The sun demon misses your bat.
Your butterfly is engulfed in seething chaos.
Something touches the bush but does no damage.
You climb upwards.
There is a stone staircase leading down here.
(D) Dungeon (T) Temple (L) Lair (S) Swamp (N) Spider Nest (M) Slime Pits (O) Orcish Mines (E) Elven Halls (V) Vaults (C) Crypt (W) Tomb (U) Depths (H) Hell (Z) Zot
Where to? (Tab/Enter - D:1 @ (x,y), ? - help)
What level of the Dungeon? (default 1, ? - help)
You feel a little less agile now.
A Haadehid, a sun demon and a lich come into view.
Press: ? - help, v - describe, . - travel
Here: Haadehid The floor.
Really read
k - 6 scrolls of fog {!r}?
As you read the scroll of fog {!r}, it dissolves into smoke.
You feel a little less mighty now.
Haadehid moves out of view.
The sun demon moves out of view.
The lich moves out of view.
Really quaff
e - 4 potions of haste {@q4 !q}?
You feel yourself speed up. Haadehid attacks as it pursues you!
Haadehid completely misses you.
There is a stone staircase leading up here.
Okay, then.
Haadehid hits you.
Haadehid resists.
Haadehid is very cold.
Haadehid is lightly wounded.
You climb upwards.
Xom plays with reality for a moment.
You radiate an aura of cold.
Haadehid is unaffected.
There is a stone staircase leading down here.
Casting: Manifold Assault (mildly dangerous; 1% risk of failure)
Confirm with . or Enter, or press ? or * to list all spells.
You blink.
Haadehid calls on the powers of darkness!
Your body is wracked with pain!
There is a stone staircase leading up here.
Haadehid gestures at you. You resist with almost no effort.
You climb upwards.
You feel ready to blink again.
There is a stone staircase leading down here.
Okay, then.
Aiming: Dig
Press: ? - help, Shift-Dir - straight line A rock wall.
This square is covered in magical glow.
You feel a surge of power!
The rock shatters into small pieces.
Haadehid hits you.
Haadehid resists.
Haadehid is very cold.
Haadehid is lightly wounded.
Haadehid conjures an orb of pure magic.
The wavering orb of destruction weakly hits you!!!
Really read
k - 5 scrolls of fog {!r}?
As you read the scroll of fog {!r}, it dissolves into smoke.
Haadehid hits you.
Haadehid resists.
Haadehid is very cold.
Haadehid is lightly wounded.
Haadehid calls on the powers of darkness!
Your body is wracked with pain!
Casting: Blink (safe; 1% risk of failure)
Confirm with . or Enter, or press ? or * to list all spells.
You blink.
Aiming: Dig
Press: ? - help, Shift-Dir - straight line A rock wall.
This square is covered in magical glow.
Okay, then.
Aiming: Throw Flame
Press: ? - help, Shift-Dir - straight line, f - you
Okay, then.
Aiming: Dig
Press: ? - help, Shift-Dir - straight line This square is covered in magical glow.
You feel a surge of power!
The rock shatters into small pieces.
Really read
k - 4 scrolls of fog {!r}?
As you read the scroll of fog {!r}, it dissolves into smoke.
You feel ready to blink again.
There is a staircase leading out of the dungeon here.
You have escaped!

######.###.#.#.....#.#.#.#
##.#.# #.#...#.........#.#.#
#.#.# #.#.###.........#...#
#.#.# #.#.#
#.#.....#.#.#.####.#.# #.#§#
#.........#..........#
#.#.###.........#.#.##.#.###
###.÷...#.#.....#.#...##.#.#
####.......#.........#.####.#.##
.....###.###....8....#.).).....#
.....# #.######§######.####.#..#
####.# #....##&###.....# #.#..#
# #.# ###§§#§## #.#.### ##.#..#
## #.# #§§&## #.#.# #.....#
.###.# #§§## #.#.# #..##.#
..##.# #§§# #.#.# #..##.# .....#
#§§§######.#.# #..##.#
..######§#§§§....#.#.# #..##.#


You could see Haadehid.

Vanquished Creatures
  4 dread liches
  Khufu (Crypt:2)
  Mennas (Vaults:5)
  2 ancient liches (Vaults:5)
  2 royal mummies (Crypt:2)
  The ghost of Wuppom the Warrior, a veteran GrFi of the Shining One (Crypt:1)
  Sojobo (Depths:1)
  A caustic shrike (Vaults:3)
  2 curse toes
  12 golden dragons
  Nikola (Elf:3)
  the Enchantress (Depths:1)
  A bone dragon (Abyss:2)
  Norris (Elf:1)
  2 Tzitzimimeh
  7 tentacled monstrosities
  8 Orb Guardians
  6 liches
  11 titans
  12 sphinxes
  A death cob (Zot:1)
  2 deep elf blademasters (Elf:3)
  Frances (Spider:1)
  A tentacled starspawn (Abyss:2)
  2 quicksilver dragons (Vaults:5)
  7 ancient champions
  Kirke (Spider:4)
  9 tengu reavers
  6 shadow dragons
  Donald (Swamp:2)
  4 storm dragons
  3 draconian knights
  An azure jelly (Vaults:2)
  Aizul (Swamp:2)
  14 vault wardens
  A revenant (Crypt:3)
  A draconian monk (Zot:3)
  19 fire giants
  10 frost giants
  An iron dragon (Vaults:5)
  4 curse skulls
  9 deep elf sorcerers
  Louise (Depths:3)
  A juggernaut zombie (Crypt:3)
  A balrug (Depths:4)
  7 emperor scorpions
  An iron dragon (shapeshifter) (Vaults:5)
  5 spriggan defenders
  5 deep elf elementalists (Elf:3)
  6 ghost moths
  A draconian scorcher (Zot:3)
  11 ghouls
  2 war gargoyles
  2 orc warlords
  20 ironbound preservers
  A draconian stormcaller (Zot:5)
  2 draconian shifters (Zot:3)
  2 formless jellyfish
  21 stone giants
  14 very ugly things
  A quicksilver ooze (shapeshifter) (Vaults:5)
  2 draconian annihilators (Zot:3)
  3 ironbound thunderhulks
  6 vampire knights
  4 eleionomae
  Nessos (Lair:3)
  2 bunyips
  2 green draconians
  2 black draconians
  2 yellow draconians
  Azrael (Elf:1)
  3 red draconians
  6 deep elf demonologists
  10 dire elephants
  5 deep elf annihilators (Elf:3)
  4 white draconians
  11 deep elf death magi
  5 eidola
  19 spark wasps
  3 crystal guardians
  A mummy priest (Crypt:3)
  2 blizzard demons (Depths:1)
  12 ettins
  A merfolk javelineer (Depths:2)
  7 fire dragons
  9 deep elf high priests
  12 jiangshi
  13 yaktaur captains
  3 entropy weavers
  17 ice dragons
  30 vault guards
  3 rakshasas
  21 hydras
  A hell beast (Depths:1)
  2 spriggan zombies
  A ghost crab (Swamp:3)
  A salamander tyrant (Depths:3)
  Fannar (Lair:1)
  2 great orbs of eyes
  3 peacekeepers
  2 jorogumos
  8 spriggan air magi
  9 centaur warriors
  2 two-headed ogres
  6 alligators
  8 boulder beetles
  5 ogre magi
  An anaconda (Vaults:5)
  2 spriggan skeletons
  A radroach (Spider:2)
  A satyr (Lair:5)
  14 ironbound frosthearts
  21 dancing weapons
  3 death knights
  A bennu zombie (Crypt:1)
  4 tengu warriors
  10 deep troll shamans
  8 deep troll earth magi
  An occultist (Depths:2)
  8 vampire magi
  3 thrashing horrors (Abyss:2)
  3 death yaks
  A demonic crawler (Spider:2)
  3 spriggan berserkers
  3 orc high priests
  3 sun demons
  3 soul eaters
  7 spriggans
  A wretched star (Abyss:2)
  10 hell knights
  12 deep elf knights (Elf:2)
  3 skysharks
  Nergalle (Lair:3)
  2 salamander mystics (Depths:3)
  30 skeletal warriors
  3 pharaoh ants
  A shadow wraith (Crypt:3)
  17 iron trolls
  A sixfirhy (Depths:1)
  A storm dragon skeleton (Crypt:3)
  A sun moth (Spider:4)
  A death drake (shapeshifter) (Depths:3)
  3 flayed ghosts
  5 goliath frogs
  3 glowing orange brains
  8 deep elf archers
  A deep troll (shapeshifter) (Lair:4)
  73 deep trolls
  4 orb spiders
  2 spriggan druids
  9 swamp dragons
  An orb spider (shapeshifter) (Depths:4)
  12 bog bodies
  A shadow dragon zombie (Depths:1)
  20 lindwurms
  6 harpies (Vaults:2)
  15 ironbound convokers
  8 orc knights
  6 phantasmal warriors
  10 necromancers
  5 arcanists
  2 steelbarb worms (Spider:3)
  25 deep elf pyromancers
  A wolf spider (shapeshifter) (Vaults:5)
  2 iron dragon zombies
  23 ugly things
  18 deep elf zephyrmancers
  2 orc sorcerers
  13 wolf spiders
  3 cyclopes
  4 will-o-the-wisps
  4 salamanders (Depths:3)
  3 manticores
  A jorogumo skeleton (Crypt:3)
  A black mamba (shapeshifter) (D:14)
  4 moths of wrath
  7 elephants (Lair:4)
  A dire elephant zombie (Crypt:3)
  4 black mambas
  2 centaur zombies (Crypt:2)
  16 vault sentinels
  15 cane toads
  2 gargoyles (D:14)
  2 water nymphs
  An unseen horror (shapeshifter) (D:14)
  3 torpor snails
  2 smoke demons (Depths:3)
  A hellion (Depths:1)
  An efreet (Depths:4)
  9 komodo dragons
  4 kobold demonologists
  4 tengu conjurers
  A dire elephant skeleton (Crypt:3)
  17 yaktaurs
  A black draconian zombie (Crypt:2)
  5 freezing wraiths
  A komodo dragon (shapeshifter) (Swamp:3)
  An ancient zyme (Abyss:3)
  A red draconian skeleton (Crypt:3)
  A death yak skeleton (Crypt:2)
  An unseen horror skeleton (Crypt:3)
  8 guardian mummies
  A polar bear (shapeshifter) (D:13)
  A merfolk (Spider:3)
  9 tyrant leeches
  8 trolls
  3 polar bears
  2 glass eyes (Depths:3)
  3 harpy zombies
  10 meliai
  2 hellwings (Depths:3)
  9 hornets
  20 tarantellas
  19 blink frogs
  3 dream sheep (Lair:5)
  45 slime creatures
  2 air elementals
  A flying skull (Crypt:3)
  18 jumping spiders
  3 centaur simulacra
  2 satyr skeletons
  A black mamba zombie (Crypt:2)
  10 wraiths
  3 vampires
  A fire bat (shapeshifter) (Depths:2)
  2 shadows
  4 fire elementals
  A hog (shapeshifter) (Depths:2)
  A chaos spawn (Abyss:2)
  16 culicivoras
  19 water elementals
  3 wyverns
  3 nameless horrors
  A yak (shapeshifter) (Elf:2)
  2 humans (D:14)
  3 steam dragons
  25 yaks
  4 basilisks
  A black mamba skeleton (Crypt:3)
  10 vampire mosquitoes
  38 redbacks
  8 swamp worms
  5 wargs
  A water nymph zombie (Crypt:1)
  A fire bat zombie (Crypt:2)
  2 hell hounds (Elf:1)
  10 water moccasins
  A hornet zombie (D:15)
  9 swamp drakes
  A dream sheep zombie (Crypt:3)
  A two-headed ogre skeleton (Crypt:3)
  2 black bears
  A sky beast (Lair:1)
  32 orc warriors
  A spriggan simulacrum (Depths:1)
  3 ice beasts
  9 ogres
  A swamp dragon zombie (Crypt:1)
  16 wolves
  A boggart (Vaults:4)
  A tengu (D:10)
  2 large abominations
  The ghost of scarywalker64 the Conjurer, an amateur DgCj (D:4)
  7 centaurs
  A swamp dragon skeleton (Crypt:2)
  A phantom (D:3)
  5 kobold brigands
  17 bullfrogs
  9 necrophages
  3 scorpions
  A gnoll sergeant (D:9)
  An earth elemental (Elf:2)
  A salamander skeleton (Crypt:2)
  9 wights
  2 raiju zombies (Crypt:3)
  2 killer bees (shapeshifter)
  9 killer bees
  A yak zombie (Crypt:2)
  4 electric eels
  A shapeshifter skeleton (Crypt:1)
  3 howler monkeys
  A quasit (Abyss:2)
  3 jellies
  4 hounds
  2 gnoll boudas (D:9)
  13 orc priests
  A sleepcap (D:8)
  A human skeleton (Crypt:1)
  3 iguanas
  21 orc wizards
  A naga zombie (Crypt:2)
  2 small abominations
  An acid dragon skeleton (Crypt:2)
  2 human simulacra
  A mummy (Crypt:2)
  5 adders
  17 gnolls
  A howler monkey skeleton (Crypt:1)
  2 ufetubi
  3 worms (D:2)
  2 dart slugs
  79 orcs
  8 ball pythons
  8 bats
  4 endoplasms
  A giant cockroach (D:4)
  6 goblins
  10 hobgoblins
  5 jackals
  4 quokkas
  A ball python skeleton (Crypt:1)
  2 frilled lizards
  26 kobolds
  2 rats (D:2)
  A river rat skeleton (Crypt:2)
  A starspawn tentacle (Abyss:2)
1886 creatures vanquished.

Vanquished Creatures (collateral kills)
  A tentacled monstrosity (Swamp:3)
  A deep elf blademaster (Elf:2)
  A ghost moth (Spider:1)
  A stone giant (Depths:3)
  A bunyip (Swamp:1)
  A shambling mangrove (Swamp:4)
  A vault guard (Vaults:5)
  A great orb of eyes (Vaults:3)
  A hydra (Lair:4)
  A rakshasa (D:15)
  A great orb of eyes (shapeshifter) (Lair:1)
  2 two-headed ogres
  A ghost crab (Swamp:1)
  A centaur warrior (D:15)
  An alligator (Swamp:3)
  6 dancing weapons (Elf:2)
  3 death yaks
  2 demonic crawlers
  A hell knight (Depths:3)
  4 deep elf knights
  A wretched star (Abyss:3)
  A goliath frog (Lair:5)
  7 orb spiders
  A swamp dragon (Swamp:4)
  4 deep elf pyromancers
  A steelbarb worm (Spider:1)
  3 wolf spiders
  5 deep elf zephyrmancers
  A will-o-the-wisp (Swamp:1)
  5 ugly things (D:14)
  2 elephants (Lair:5)
  A manticore (shapeshifter) (Vaults:5)
  2 centaur zombies (D:15)
  A vault sentinel (Vaults:5)
  A centaur skeleton (D:15)
  A cane toad (Lair:5)
  A rime drake (Lair:5)
  2 ancient zymes
  2 komodo dragons (Lair:5)
  A bloated husk (Swamp:4)
  3 tarantellas
  A tyrant leech (Swamp:4)
  A hornet (Spider:4)
  4 blink frogs
  7 dream sheep
  2 slime creatures (D:14)
  A culicivora (Spider:3)
  3 jumping spiders
  A vampire (D:11)
  A nameless horror (Lair:5)
  6 yaks
  2 fire elementals (Elf:1)
  5 vampire mosquitoes
  9 redbacks
  A swamp worm (Swamp:3)
  4 water moccasins
  3 orc warriors
  4 centaurs
  A wolf (Lair:5)
  A kobold brigand (D:4)
  2 bullfrogs (Lair:5)
  2 wights (D:6)
  2 howler monkeys (D:11)
  An electric eel (Spider:2)
  A hound (D:9)
  A jelly (Lair:4)
  4 orc priests
  2 orc wizards (D:11)
  A gnoll (D:9)
  20 orcs (D:11)
  A hobgoblin (D:9)
  6 kobolds (D:4)
178 creatures vanquished.

Vanquished Creatures (others)
  A tentacled monstrosity (Zot:1)
  A shadow dragon (Vaults:5)
  A deep elf sorcerer (Elf:3)
  A ghost moth (Spider:4)
  An eleionoma (Swamp:4)
  An ettin (Vaults:5)
  2 vault guards (Vaults:5)
  A spriggan zombie (Crypt:3)
  A hydra (Swamp:4)
  An alligator (Swamp:1)
  6 dancing weapons
  An occultist (Depths:1)
  3 deep elf knights
  A flayed ghost (Crypt:3)
  An iron troll (Depths:2)
  A deep troll (Depths:2)
  A deep elf pyromancer (Elf:2)
  2 deep elf zephyrmancers
  A yaktaur (D:15)
  A komodo dragon (Lair:4)
  A tyrant leech (Swamp:4)
  A hornet (Spider:4)
  A bloated husk (Swamp:3)
  A yak (Lair:4)
  3 humans (Spider:4)
  An orc wizard (Vaults:3)
  A human simulacrum (D:9)
  18 foxfires
  A lurking horror (Abyss:3)
  2 starspawn tentacles (Abyss:2)
59 creatures vanquished.

Grand Total: 2123 creatures vanquished

Notes
Turn   | Place    | Note
-------+----------+-------------------------------------------
     0 | D:1      | EnegeticOcto the Felid Chaos Knight began the quest for the
                  | Orb.
     0 | D:1      | Reached XP level 1. HP: 10/10 MP: 2/2
    29 | D:1      | XOM: divination: magic mapping
    37 | D:1      | Reached skill level 1 in Stealth
   103 | D:1      | XOM: silly message
   121 | D:1      | Reached skill level 2 in Stealth
   193 | D:1      | Reached XP level 2. HP: 14/14 MP: 3/3
   236 | D:1      | XOM: silly message
   259 | D:1      | XOM: 8-stop teleportation journey
   419 | D:1      | Reached skill level 3 in Stealth
   453 | D:1      | XOM: noise
   495 | D:1      | XOM: 2-stop teleportation journey
   881 | D:2      | XOM: 1-stop teleportation journey
   896 | D:2      | Slain by an adder
   953 | D:2      | XOM: 3-stop teleportation journey
  1148 | D:2      | XOM: silly message
  1177 | D:2      | Reached skill level 1 in Hexes
  1199 | D:2      | Reached XP level 3. HP: 17/17 MP: 4/4
  1205 | D:2      | Learned a level 2 spell: Ensorcelled Hibernation
  1283 | D:2      | XOM: summons 2 hostile demons
  2045 | D:2      | Reached skill level 1 in Ice Magic
  2201 | D:3      | Found Caekheubb's Armour Shoppe.
  2218 | D:3      | Reached skill level 2 in Hexes
  2236 | D:3      | XOM: cloud trail
  2244 | D:3      | XOM: 1-stop teleportation journey
  2381 | D:3      | XOM: god gift: book of Spectacle
  2590 | D:3      | Reached skill level 3 in Hexes
  2612 | D:3      | XOM: 1-stop teleportation journey
  2686 | D:3      | XOM: give mutations
  2686 | D:3      | Gained mutation: You possess an exceptional clarity of
                  | mind. [Xom's grace]
  2686 | D:3      | Gained mutation: You are strong-willed. (Will+) [Xom's
                  | grace]
  2686 | D:3      | Gained mutation: Your flesh is cold resistant. (rC+) [Xom's
                  | grace]
  2686 | D:3      | Gained mutation: You are partially covered in iridescent
                  | scales. (AC +2) [Xom's grace]
  2725 | D:3      | Found a faded altar of an unknown god.
  2853 | D:3      | XOM is BORED!
  2853 | D:3      | XOM: chaos cloud
  2868 | D:3      | Reached XP level 4. HP: 19/21 MP: 5/5
  2934 | D:3      | XOM: draining
  3240 | D:4      | XOM: enchant monster (good)
  3331 | D:4      | Reached skill level 4 in Hexes
  3364 | D:4      | XOM: noise
  4080 | D:3      | Reached skill level 1 in Spellcasting
  4080 | D:3      | Reached XP level 5. HP: 24/24 MP: 7/7
  4083 | D:3      | Learned a level 2 spell: Passwall
  4113 | D:4      | Found a staircase to the Ecumenical Temple.
  4119 | D:4      | Noticed a phantom
  4348 | D:4      | Reached skill level 4 in Stealth
  4406 | D:4      | XOM: summons 5 friendly demons
  4492 | D:4      | Found a runed translucent gate.
  4494 | D:4      | Found a runed translucent gate.
  4494 | D:4      | Found a runed translucent gate.
  4494 | D:4      | Noticed scarywalker64's ghost (amateur DgCj)
  4570 | D:3      | Reached skill level 4 in Fighting
  4570 | D:3      | Gained mutation: You are covered in thick fur. (AC +2)
                  | [Felid growth]
  4570 | D:3      | Reached XP level 6. HP: 26/28 MP: 8/8
  4699 | D:4      | Reached skill level 4 in Dodging
  4765 | D:4      | XOM: silly message
  5075 | D:4      | Reached skill level 5 in Hexes
  5075 | D:4      | Reached skill level 2 in Ice Magic
  5162 | D:4      | XOM: fog
  5166 | D:4      | XOM: enchant monster (bad)
  5168 | D:3      | XOM: swap monsters
  5174 | D:3      | Reached skill level 5 in Dodging
  5365 | D:4      | XOM: stat loss: -1 Int (12/13)
  5446 | D:5      | Entered Level 5 of the Dungeon
  5453 | D:5      | Reached XP level 7. HP: 32/32 MP: 9/9
  5549 | D:5      | XOM: give mutation
  5549 | D:5      | Lost mutation: You possess an exceptional clarity of mind.
                  | [Xom's mischief]
  5635 | D:5      | XOM: cast spell 'Summon Mana Viper'
  5840 | D:5      | Reached skill level 1 in Transmutations
  5840 | D:5      | Reached skill level 1 in Earth Magic
  5883 | D:5      | Found the +6 shillelagh "Devastator" {shatter}
  5883 | D:5      | XOM: butterfly on damage
  6019 | D:5      | XOM: divination: magic mapping
  6180 | D:5      | XOM: silly message
  6319 | D:5      | XOM: give mutations
  6319 | D:5      | Gained mutation: Your body sometimes deteriorates upon
                  | taking damage. [Xom's mischief]
  6319 | D:5      | Lost mutation: You are strong-willed. (Will+) [Xom's
                  | mischief]
  6839 | D:6      | XOM: summons friendly quasit
  6885 | D:6      | XOM is BORED!
  6885 | D:6      | XOM: noise
  6891 | D:6      | XOM: stat loss: -1 Dex (17/18)
  6930 | D:6      | XOM: confusion
  6941 | D:6      | Reached skill level 4 in Unarmed Combat
  6941 | D:6      | Reached skill level 2 in Spellcasting
  6941 | D:6      | Reached skill level 6 in Hexes
  7277 | D:6      | Reached skill level 5 in Fighting
  7297 | D:6      | XOM: enchant monster (bad)
  7307 | D:6      | Reached XP level 8. HP: 37/37 MP: 12/12
  7356 | D:6      | XOM: butterfly on damage
  7545 | D:6      | XOM: god gift: 6 darts of dispersal
  7587 | D:6      | Learned a level 1 spell: Shock
  7659 | D:5      | XOM: divination: detect creatures
  7700 | D:5      | Reached skill level 5 in Unarmed Combat
  7700 | D:5      | Reached skill level 1 in Conjurations
  7700 | D:5      | Reached skill level 1 in Air Magic
  7849 | D:6      | XOM: enchant monster (bad)
  7891 | D:6      | XOM: noise
  8002 | D:6      | XOM: enchant monster (bad)
  8008 | D:5      | Reached skill level 1 in Shapeshifting
  8130 | D:6      | Reached skill level 5 in Stealth
  8130 | D:6      | Reached skill level 2 in Conjurations
  8130 | D:6      | Reached skill level 2 in Air Magic
  8163 | D:5      | XOM: confuse monster(s)
  8252 | D:6      | XOM: god gift: 28 gold pieces
  8311 | D:6      | Found an ancient bone altar of Kikubaaqudgha.
  8386 | D:6      | XOM: cast spell 'Leda's Liquefaction'
  8397 | D:6      | Reached skill level 6 in Stealth
  8657 | D:7      | Reached skill level 7 in Hexes
  8789 | D:7      | XOM is BORED!
  8789 | D:7      | XOM: give mutations
  8789 | D:7      | Gained mutation: You are dopey. (Int -2) [Xom's mischief]
  8789 | D:7      | Gained mutation: Your magical capacity is low. (-10% MP)
                  | [Xom's mischief]
  8861 | D:7      | XOM: enchant monster (good)
  8863 | D:7      | Reached skill level 8 in Hexes
  8953 | D:7      | XOM: cleaving
  8968 | D:7      | XOM: enchant monster (bad)
  9159 | D:7      | Reached skill level 6 in Dodging
  9238 | D:7      | Reached XP level 9. HP: 40/40 MP: 11/11
  9367 | D:7      | Reached skill level 7 in Dodging
  9849 | D:8      | Noticed a two-headed ogre
  9994 | D:8      | XOM: potion effect (invisibility)
 10005 | D:8      | Reached skill level 1 in Evocations
 10005 | D:8      | Found a blossoming altar of Fedhas.
 10200 | D:8      | XOM: god gift: crude mace {god gift}
 10200 | D:8      | Identified the +9 mace of Emipniysk {chaos, rPois Dex+3}
                  | (Xom gifted it to you on level 8 of the Dungeon)
 10280 | D:8      | XOM: butterfly on damage
 10387 | D:8      | XOM: blink monster(s)
 10667 | D:8      | XOM: 1-stop teleportation journey
 10821 | D:8      | XOM: cloud trail
 10839 | D:8      | Reached skill level 2 in Evocations
 11136 | D:8      | XOM: blink monster(s)
 11139 | D:8      | Killed a two-headed ogre
 11140 | D:8      | Reached skill level 6 in Fighting
 11140 | D:8      | Reached skill level 8 in Dodging
 11140 | D:8      | Reached skill level 6 in Unarmed Combat
 11140 | D:8      | Reached skill level 3 in Evocations
 11279 | D:8      | XOM: divination: detect creatures
 11328 | D:8      | XOM: god gift: 51 gold pieces
 11464 | D:8      | XOM: butterfly on damage
 11529 | D:8      | XOM: god gift: morningstar {god gift}
 11631 | D:9      | Noticed a kobold demonologist
 11637 | D:8      | Reached skill level 7 in Fighting
 11949 | D:9      | Found Fuje's Armour Emporium.
 11953 | D:9      | Found Kisol's Book Shop.
 11989 | D:9      | Found a burning altar of Makhleb.
 12009 | D:9      | Noticed a green ugly thing
 12040 | D:9      | XOM: scenery: 1 doors open, 1 doors close
 12062 | D:9      | Killed a kobold demonologist
 12063 | D:9      | Reached XP level 10. HP: 47/47 MP: 12/12
 12066 | D:9      | XOM: cloud trail
 12135 | D:9      | Found a snail-covered altar of Cheibriados.
 12256 | D:9      | XOM: cloud trail
 12421 | D:9      | Reached skill level 7 in Unarmed Combat
 12423 | D:9      | XOM: divination: detect creatures
 12513 | D:9      | XOM: cast spell 'Summon Mana Viper'
 12580 | D:9      | Reached skill level 2 in Shapeshifting
 12585 | D:9      | XOM: god gift: scroll labelled YQAXAN VOOGAX {god gift}
 12639 | D:9      | XOM: cloud trail
 12695 | D:9      | XOM: scenery: 2 doors close
 12769 | D:9      | Killed a green ugly thing
 12770 | D:9      | Reached skill level 8 in Fighting
 12930 | D:9      | Found Moz Wykopour's Antique Armour Shoppe.
 13023 | D:9      | XOM: god gift: 36 gold pieces
 13167 | D:9      | XOM: god gift: book of the Senses
 13174 | D:10     | Entered Level 10 of the Dungeon
 13298 | D:10     | XOM: summons 10 friendly demons
 13303 | D:10     | Reached skill level 3 in Spellcasting
 13303 | D:10     | Reached skill level 3 in Shapeshifting
 13669 | D:10     | Identified the +0 leather armour of Bamuq {rF+ Slay+5}
 13767 | D:10     | XOM: enchant monster (good)
 13977 | D:10     | XOM: polymorph bullfrog -> tengu
 14070 | D:10     | XOM: 2-stop teleportation journey
 14126 | D:10     | XOM: chaos upgrade
 14154 | D:10     | Noticed a rust devil
 14204 | D:9      | XOM: chaos upgrade
 14208 | D:9      | XOM: smoke on damage
 14213 | D:9      | Noticed an orange demon
 14214 | D:9      | Reached skill level 9 in Dodging
 14277 | D:9      | Reached skill level 8 in Unarmed Combat
 14395 | D:10     | XOM: give mutations
 14395 | D:10     | Gained mutation: You are very dopey. (Int -4) [Xom's
                  | mischief]
 14395 | D:10     | Gained mutation: You are strong-willed. (Will+) [Xom's
                  | mischief]
 14395 | D:10     | Lost mutation: You are strong-willed. (Will+) [Xom's
                  | mischief]
 14465 | D:10     | Found a staircase to the Lair.
 14785 | Lair:1   | Entered Level 1 of the Lair of Beasts
 14790 | Lair:1   | Reached skill level 4 in Shapeshifting
 14817 | Lair:1   | Reached XP level 11. HP: 52/52 MP: 15/16
 14836 | Lair:1   | Reached skill level 4 in Spellcasting
 14917 | Lair:1   | Noticed Fannar
 15053 | Lair:1   | XOM: give mutations
 15053 | Lair:1   | Lost mutation: Your magical capacity is low. (-10% MP)
                  | [Xom's mischief]
 15053 | Lair:1   | Gained mutation: You occasionally lose the ability to drink
                  | potions when taking damage. [Xom's mischief]
 15053 | Lair:1   | Lost mutation: You are very dopey. (Int -4) [Xom's
                  | mischief]
 15175 | Lair:1   | Killed Fannar
 15176 | Lair:1   | Reached skill level 9 in Fighting
 15177 | Lair:1   | XOM: chaos cloud
 15378 | Lair:1   | XOM: destruction
 15385 | Lair:1   | XOM: polymorph basilisk -> sky beast
 15394 | Lair:1   | XOM: potion effect (attraction)
 15418 | Lair:1   | XOM: cast spell 'Dispersal'
 15428 | Lair:1   | Reached skill level 10 in Dodging
 15428 | Lair:1   | Reached skill level 3 in Ice Magic
 15544 | Lair:1   | Reached skill level 9 in Hexes
 15549 | Lair:1   | Reached skill level 5 in Shapeshifting
 15564 | Lair:1   | XOM: confusion (+ monsters)
 15739 | Lair:1   | Noticed Urug
 15761 | Lair:1   | Lost mutation: You are partially covered in iridescent
                  | scales. (AC +2) [potion of mutation]
 15761 | Lair:1   | Lost mutation: Your flesh is cold resistant. (rC+) [potion
                  | of mutation]
 15761 | Lair:1   | Lost mutation: You occasionally lose the ability to drink
                  | potions when taking damage. [potion of mutation]
 15761 | Lair:1   | Gained mutation: Your natural rate of healing is unusually
                  | fast. [potion of mutation]
 15761 | Lair:1   | Gained mutation: You are partially covered in large bone
                  | plates. (SH +4) [potion of mutation]
 15761 | Lair:1   | Gained mutation: Your system is resistant to poisons.
                  | (rPois) [potion of mutation]
 15765 | Lair:1   | Urug changed into Urug the glowing shapeshifter
 15765 | Lair:1   | Noticed Urug (glowing shapeshifter)
 15765 | Lair:1   | XOM: polymorph Urug -> Urug the glowing shapeshifter
 15766 | Lair:1   | Urug the glowing shapeshifter changed into Urug the sea
                  | snake
 15766 | Lair:1   | Noticed Urug (glowing shapeshifter)
 15783 | Lair:1   | Noticed Urug
 15793 | Lair:1   | XOM: confusion (+ monsters)
 15795 | Lair:1   | Noticed Urug
 15801 | Lair:1   | Urug the shock serpent changed into Urug the faun
 15814 | Lair:1   | Urug the faun changed into Urug the glowing shapeshifter
 15814 | Lair:1   | Noticed Urug (glowing shapeshifter)
 15814 | Lair:1   | XOM: polymorph Urug the faun -> Urug the glowing
                  | shapeshifter
 15815 | Lair:1   | Reached skill level 10 in Hexes
 15815 | Lair:1   | Urug the glowing shapeshifter changed into Urug the
                  | lindwurm
 15815 | Lair:1   | Noticed Urug (glowing shapeshifter)
 15816 | Lair:1   | Urug the lindwurm changed into Urug the swamp dragon
 15816 | Lair:1   | Noticed Urug (glowing shapeshifter)
 15819 | Lair:1   | XOM: swap monsters
 15819 | Lair:1   | Urug the swamp dragon changed into Urug the merfolk
 15822 | Lair:1   | Urug the merfolk changed into Urug the shock serpent
 15822 | Lair:1   | Noticed Urug (glowing shapeshifter)
 15827 | Lair:1   | XOM: scenery: summon butterflies
 15827 | Lair:1   | Killed from afar by Urug the shock serpent (glowing
                  | shapeshifter)
 15831 | Lair:1   | XOM: polymorph naga -> hornet
 15835 | Lair:1   | Reached skill level 6 in Shapeshifting
 15888 | Lair:1   | Noticed Urug
 15893 | Lair:1   | Urug the alligator changed into Urug the satyr
 15893 | Lair:1   | Noticed Urug (glowing shapeshifter)
 15894 | Lair:1   | Urug the satyr changed into Urug the boulder beetle
 15894 | Lair:1   | Noticed Urug (glowing shapeshifter)
 16017 | Lair:1   | XOM: stat loss: -1 Dex (20/21)
 16063 | Lair:1   | XOM: summons 3 hostile demons
 16464 | Lair:2   | Found a hole to the Spider Nest.
 16489 | Lair:2   | XOM: confusion (+ monsters)
 16627 | Lair:2   | Reached skill level 11 in Hexes
 16715 | Lair:2   | XOM: give mutations
 16715 | Lair:2   | Gained mutation: Your thick and shaggy fur keeps you warm.
                  | (AC +3, rC+) [Xom's mischief]
 16715 | Lair:2   | Lost mutation: Your body sometimes deteriorates upon taking
                  | damage. [Xom's mischief]
 16717 | Lair:2   | Reached skill level 7 in Shapeshifting
 16763 | Lair:2   | Found a dark tunnel.
 16763 | Lair:2   | Noticed a four-headed hydra
 16776 | Lair:2   | Killed a four-headed hydra
 16777 | Lair:2   | Reached skill level 12 in Hexes
 16981 | Lair:2   | Mutation became permanent: You are covered in thick fur.
                  | (AC +2) [Felid growth]
 16981 | Lair:2   | Gained mutation: Your thick and shaggy fur keeps you warm.
                  | (AC +3, rC+) [Felid growth]
 16981 | Lair:2   | Reached XP level 12. HP: 57/57 MP: 19/19
 17063 | Lair:2   | XOM: confusion (+ monsters)
 17337 | Lair:2   | XOM: give mutation
 17337 | Lair:2   | Lost mutation: Your natural rate of healing is unusually
                  | fast. [Xom's mischief]
 17615 | Lair:3   | XOM: summons 4 hostile shadow creatures
 17623 | Lair:3   | Noticed Nessos
 17635 | Lair:3   | Killed Nessos
 17684 | Lair:3   | Noticed a six-headed hydra
 17699 | Lair:3   | XOM: 5-stop teleportation journey
 17746 | Lair:3   | Killed a six-headed hydra
 17747 | Lair:3   | Reached skill level 4 in Evocations
 17915 | Lair:3   | XOM: noise
 18092 | Lair:3   | Noticed Nergalle
 18095 | Lair:3   | XOM: divination: detect creatures
 18112 | Lair:3   | Killed Nergalle
 18113 | Lair:3   | Reached skill level 9 in Unarmed Combat
 18119 | Lair:3   | XOM: silly message
 18305 | Lair:3   | XOM: noise
 18317 | Lair:3   | Found a staircase to the Swamp.
 18388 | Lair:3   | Reached skill level 4 in Ice Magic
 18456 | Lair:3   | XOM: divination: detect items
 18460 | Lair:3   | Reached skill level 5 in Spellcasting
 18943 | Lair:4   | Noticed an eight-headed hydra
 18961 | Lair:4   | XOM: enchant monster (good)
 18966 | Lair:4   | an eight-headed hydra changed into a glowing shapeshifter
 18966 | Lair:4   | XOM: polymorph eight-headed hydra -> glowing shapeshifter
 19080 | Lair:4   | XOM: summons 12 friendly demons
 19097 | Lair:4   | Reached skill level 11 in Dodging
 19098 | Lair:4   | Reached skill level 13 in Hexes
 19111 | Lair:4   | Reached skill level 5 in Evocations
 19268 | Lair:4   | Found a viscous altar of Jiyva.
 19269 | Lair:4   | Found a staircase to the Slime Pits.
 19270 | Lair:4   | XOM: summons friendly hellwing
 19300 | Lair:4   | XOM: destruction
 19306 | Lair:4   | XOM: destruction
 19316 | Lair:4   | XOM: fog
 19334 | Lair:4   | XOM: scenery: create altars
 19342 | Lair:4   | XOM: fog
 19359 | Lair:4   | Reached skill level 5 in Ice Magic
 19565 | Lair:4   | XOM: summons friendly quasit
 19741 | Lair:4   | XOM: polymorph quasit -> cerulean imp
 19782 | Lair:4   | XOM: 3-stop teleportation journey
 19884 | Lair:4   | XOM: summons 3 hostile shadow creatures
 19891 | Lair:4   | XOM: butterfly on damage
 19903 | Lair:4   | Mangled by a blink frog
 20028 | Lair:4   | Noticed an eight-headed hydra
 20035 | Lair:4   | XOM: potion effect (might)
 20045 | Lair:4   | XOM: summons friendly crimson imp
 20057 | Lair:4   | XOM: give mutations
 20057 | Lair:4   | Gained mutation: You have a pair of small antennae on your
                  | head. [Xom's grace]
 20057 | Lair:4   | Gained mutation: You are strong-willed. (Will+) [Xom's
                  | grace]
 20057 | Lair:4   | Gained mutation: You have a somewhat thin skeletal
                  | structure. (Dex +2, Stealth+) [Xom's grace]
 20062 | Lair:4   | XOM: summons friendly iron imp
 20128 | Lair:4   | Killed an eight-headed hydra
 20129 | Lair:4   | Reached skill level 6 in Spellcasting
 20240 | Lair:5   | XOM: noise
 20240 | Lair:5   | Entered Level 5 of the Lair of Beasts
 20413 | D:11     | Noticed a two-headed ogre
 20437 | D:11     | Killed a two-headed ogre
 20438 | D:11     | Reached XP level 13. HP: 60/60 MP: 23/23
 20451 | D:11     | Reached skill level 12 in Dodging
 20525 | D:11     | Found a staircase to the Orcish Mines.
 20586 | D:11     | Reached skill level 14 in Hexes
 20587 | D:11     | XOM: give mutations
 20587 | D:11     | Gained mutation: Your skin changes colour to match your
                  | surroundings (Stealth+). [Xom's grace]
 20587 | D:11     | Gained mutation: You are highly strong-willed. (Will++)
                  | [Xom's grace]
 20587 | D:11     | Gained mutation: You are agile. (Dex +4, Str/Int -1) [Xom's
                  | grace]
 20587 | D:11     | Gained mutation: You are robust. (+10% HP) [Xom's grace]
 20660 | D:11     | XOM: summons 2 hostile demons
 20747 | D:11     | Found a hide-covered altar of Uskayaw.
 20750 | D:11     | XOM: potion effect (attraction)
 20832 | D:11     | XOM: god gift: scroll of teleportation
 21038 | D:11     | XOM: give mutations
 21038 | D:11     | Gained mutation: You are weak. (Str -2) [Xom's mischief]
 21038 | D:11     | Gained mutation: You have a pair of antennae on your head.
                  | [Xom's mischief]
 21038 | D:11     | Lost mutation: Your skin changes colour to match your
                  | surroundings (Stealth+). [Xom's mischief]
 21232 | D:12     | Found a sacrificial altar of Ru.
 21401 | D:12     | XOM: noise
 21402 | D:12     | XOM: potion effect (attraction)
 21424 | D:12     | Reached skill level 6 in Ice Magic
 21716 | D:12     | XOM: give mutations
 21716 | D:12     | Lost mutation: You are dopey. (Int -2) [Xom's mischief]
 21716 | D:12     | Gained mutation: You are very agile. (Dex +8, Str/Int -2)
                  | [Xom's mischief]
 22112 | D:12     | Reached skill level 13 in Dodging
 22274 | Orc:1    | Entered Level 1 of the Orcish Mines
 22351 | Orc:1    | XOM is BORED!
 22351 | Orc:1    | XOM: 1-stop teleportation journey
 22387 | Orc:2    | Entered Level 2 of the Orcish Mines
 22387 | Orc:2    | Found a staircase to the Elven Halls.
 22445 | Orc:2    | Reached skill level 7 in Ice Magic
 22468 | Orc:2    | Found a shimmering altar of Xom.
 22556 | Orc:1    | XOM: noise
 22659 | Orc:1    | XOM: 2-stop teleportation journey
 22792 | Orc:1    | XOM: cast spell 'Olgreb's Toxic Radiance'
 22795 | Orc:1    | XOM: confuse monster(s)
 22984 | Orc:2    | XOM: silly message
 23001 | Orc:2    | Reached skill level 14 in Dodging
 23090 | Orc:2    | Found Yvvu's Armour Shop.
 23236 | Orc:2    | XOM: smoke on damage
 23240 | Orc:2    | XOM: potion effect (haste)
 23247 | Orc:2    | XOM: potion effect (brilliance)
 23371 | Orc:2    | XOM: noise
 23417 | Orc:2    | XOM: silly message
 23564 | Orc:2    | Found a runed translucent gate.
 23564 | Orc:2    | Found a runed translucent gate.
 23731 | Orc:2    | Found a runed translucent gate.
 23731 | Orc:2    | Found an iron altar of Okawaru.
 23731 | Orc:2    | Noticed a merfolk impaler
 23731 | Orc:2    | Noticed haldagan's ghost (journeyman DrSh)
 23732 | Orc:2    | Noticed an orc warlord
 23897 | Orc:2    | XOM: noise
 23913 | Orc:2    | XOM: cast spell 'Summon Small Mammal'
 23954 | Orc:2    | Found Itifiv's General Store.
 24004 | Orc:2    | Bought a scroll of noise for 15 gold pieces
 24004 | Orc:2    | Bought a ring of protection from fire for 375 gold pieces
 24004 | Orc:2    | Bought a potion of might for 60 gold pieces
 24004 | Orc:2    | Bought a wand of flame (4) for 42 gold pieces
 24347 | Lair:5   | XOM: divine lightning
 24530 | Lair:4   | Reached skill level 10 in Unarmed Combat
 24814 | D:13     | Reached skill level 10 in Fighting
 24965 | D:13     | XOM: 6-stop teleportation journey
 25042 | D:13     | XOM: give mutations
 25042 | D:13     | Gained mutation: Your flesh is heat resistant. (rF+) [Xom's
                  | grace]
 25042 | D:13     | Gained mutation: You are very robust. (+20% HP) [Xom's
                  | grace]
 25042 | D:13     | Gained mutation: You are partially covered in iridescent
                  | scales. (AC +2) [Xom's grace]
 25293 | D:13     | XOM: fake destruction
 25361 | D:13     | XOM: give mutation
 25361 | D:13     | Gained mutation: You have hidden genetic potential. [Xom's
                  | grace]
 25674 | D:13     | XOM: cleaving
 25728 | D:13     | XOM: fake destruction
 25736 | D:13     | XOM: cleaving
 25978 | D:13     | XOM: fog
 26021 | D:13     | Reached skill level 8 in Shapeshifting
 26371 | D:14     | XOM: scenery: create altars
 26375 | D:14     | Reached XP level 14. HP: 79/79 MP: 24/24
 26426 | D:14     | XOM: scenery: summon butterflies
 26444 | D:14     | XOM: polymorph butterfly -> gnoll
 26451 | D:14     | Found a portal to a secret trove of treasure.
 26618 | D:14     | Found a basalt altar of Yredelemnul.
 26786 | D:14     | XOM: god gift: 633 gold pieces
 26789 | D:14     | XOM: cleaving
 26812 | D:14     | Reached skill level 9 in Shapeshifting
 26884 | D:14     | XOM: god gift: amulet of Vitality {RegenMP++ Regen++}
 26885 | D:14     | Found the amulet of Vitality {RegenMP++ Regen++}
 26903 | D:14     | XOM: destruction
 26952 | D:14     | Identified the ring "Jusok" {Fire Drain rCorr Int-5 Dex+8}
                  | (Xom gifted it to you on level 14 of the Dungeon)
 26952 | D:14     | XOM: god gift: ring "Jusok" {Fire Drain rCorr Int-5 Dex+8}
 27299 | D:14     | XOM: god gift: 30 gold pieces
 27322 | D:14     | XOM: confuse monster(s)
 27328 | D:14     | XOM: potion effect (berserk rage)
 27500 | D:14     | Learned a level 4 spell: Vhi's Electric Charge
 27506 | D:14     | Learned a level 5 spell: Summon Mana Viper
 27552 | D:14     | XOM: summons 14 friendly demons
 27568 | D:14     | Reached skill level 1 in Summonings
 27647 | D:14     | XOM is BORED!
 27647 | D:14     | XOM: enchant monster (bad)
 27649 | D:14     | XOM: potion effect (might)
 27654 | D:14     | XOM: potion effect (brilliance)
 27693 | D:14     | Found a shadowy altar of Dithmenos.
 27700 | D:14     | XOM: scenery: summon butterflies
 27702 | D:14     | Reached skill level 10 in Shapeshifting
 27704 | D:14     | Reached skill level 2 in Summonings
 27728 | D:15     | Entered Level 15 of the Dungeon
 27742 | D:15     | XOM: cloud trail
 27749 | D:15     | XOM: fog
 27761 | D:15     | XOM: torment (41/79 hp)
 27902 | D:14     | Reached skill level 3 in Summonings
 27936 | D:15     | XOM: summons friendly white imp
 27955 | D:14     | XOM: noise
 27963 | D:14     | XOM: silly message
 27980 | D:14     | XOM: silly message
 28146 | D:14     | XOM: summons friendly iron imp
 28170 | D:14     | XOM: noise
 28224 | D:15     | XOM: polymorph slime creature -> water nymph
 28232 | D:15     | XOM: scenery: summon butterflies
 28238 | D:14     | XOM: confuse monster(s)
 28239 | D:14     | Reached skill level 4 in Summonings
 28415 | D:14     | XOM: enchant monster (bad)
 28422 | D:14     | Reached skill level 5 in Summonings
 28446 | D:15     | XOM: silly message
 28516 | D:14     | XOM: cast spell 'Leda's Liquefaction'
 28529 | D:14     | Reached skill level 6 in Summonings
 28725 | D:15     | XOM: 1-stop teleportation journey
 28765 | D:15     | Gained mutation: Your natural rate of healing is unusually
                  | fast. [hidden potential]
 28808 | D:15     | XOM: polymorph tengu conjurer -> meliai
 28814 | D:15     | Found Pazad's Distillery.
 28822 | D:15     | Bought a potion of curing for 48 gold pieces
 28822 | D:15     | Bought a potion of heal wounds for 80 gold pieces
 28822 | D:15     | Bought a potion of haste for 160 gold pieces
 28822 | D:15     | Bought a potion of curing for 48 gold pieces
 28822 | D:15     | Bought a potion of berserk rage for 80 gold pieces
 28880 | D:15     | XOM: potion effect (haste)
 29017 | D:15     | Found a staircase to the Depths.
 29358 | D:14     | Reached skill level 7 in Summonings
 29681 | D:4      | Killed scarywalker64's ghost
 29993 | Lair:5   | XOM: divination: detect items
 30069 | Lair:5   | XOM: silly message
 30151 | Lair:5   | XOM: divination: magic mapping
 30153 | Lair:5   | XOM: confuse monster(s)
 30173 | Lair:4   | Reached skill level 7 in Spellcasting
 30226 | Lair:5   | Reached XP level 15. HP: 84/84 MP: 26/26
 30318 | Lair:4   | Reached skill level 11 in Fighting
 30318 | Lair:4   | Reached skill level 11 in Shapeshifting
 30334 | Lair:4   | XOM: enchant monster (bad)
 30341 | Lair:4   | XOM: enchant monster (good)
 30356 | Lair:4   | XOM: smoke on damage
 30381 | Lair:5   | XOM: silly message
 30487 | Lair:4   | XOM: silly message
 30594 | Lair:5   | XOM: 1-stop teleportation journey
 30627 | Lair:5   | XOM: summons 8 hostile demons
 30761 | Lair:5   | XOM: cleaving
 30765 | Lair:5   | XOM: butterfly on damage
 30784 | Lair:5   | Reached skill level 8 in Spellcasting
 30984 | Lair:5   | XOM: polymorph boulder beetle -> satyr
 31314 | Swamp:1  | Entered Level 1 of the Swamp
 31320 | Swamp:1  | Reached skill level 12 in Shapeshifting
 31325 | Swamp:1  | Lost mutation: You are weak. (Str -2) [hidden potential]
 31325 | Swamp:1  | Lost mutation: You have hidden genetic potential. [hidden
                  | potential expressed]
 31360 | Swamp:1  | XOM: polymorph goliath frog -> bunyip
 31361 | Swamp:1  | XOM: potion effect (invisibility)
 31734 | Swamp:1  | Reached skill level 13 in Shapeshifting
 31804 | Swamp:2  | Noticed Donald
 31806 | Swamp:2  | Killed Donald
 31811 | Swamp:2  | XOM: summons friendly crimson imp
 31815 | Swamp:2  | XOM: potion effect (brilliance)
 31983 | Swamp:2  | Identified the serpent talisman of the Blue Moon {rC- rCorr
                  | Str+2 Slay+5}
 31983 | Swamp:2  | Noticed Aizul
 32002 | Swamp:2  | Killed Aizul
 32038 | Swamp:2  | Reached skill level 14 in Shapeshifting
 32102 | Swamp:2  | XOM: swap monsters
 32357 | Swamp:3  | XOM: noise
 32403 | Swamp:3  | XOM: silly message
 32420 | Swamp:2  | XOM: divination: magic mapping
 32426 | Swamp:2  | Reached XP level 16. HP: 88/91 MP: 29/29
 32484 | Swamp:3  | XOM: divination: detect items
 32513 | Swamp:3  | XOM: polymorph alligator -> shapeshifter
 32630 | Swamp:3  | Noticed a tentacled monstrosity
 32643 | Swamp:3  | Killed a tentacled monstrosity
 32644 | Swamp:3  | Reached skill level 15 in Shapeshifting
 32725 | Swamp:4  | Entered Level 4 of the Swamp
 32858 | Swamp:4  | XOM: summons 2 friendly demons
 32861 | Swamp:4  | Reached skill level 1 in Translocations
 32874 | Swamp:4  | Reached skill level 12 in Fighting
 32874 | Swamp:4  | XOM: summons friendly crimson imp
 32878 | Swamp:4  | XOM: blink monster(s)
 32880 | Swamp:4  | XOM: divine lightning
 32881 | Swamp:4  | Reached skill level 2 in Translocations
 32887 | Swamp:4  | XOM: 3-stop teleportation journey
 32888 | Swamp:4  | XOM: summons friendly quasit
 32902 | Swamp:4  | XOM: confusion (+ monsters)
 32910 | Swamp:4  | Reached skill level 3 in Translocations
 32917 | Swamp:4  | Reached skill level 3 in Air Magic
 32930 | Swamp:4  | Reached skill level 4 in Translocations
 33026 | Swamp:4  | Got a decaying rune of Zot
 33334 | Spider:1 | Entered Level 1 of the Spider Nest
 33350 | Spider:1 | XOM: swap monsters
 33355 | Spider:1 | XOM: divination: magic mapping
 33419 | Spider:1 | Reached skill level 5 in Translocations
 33431 | Spider:1 | Noticed Frances
 33443 | Spider:1 | Killed Frances
 33473 | Spider:1 | Reached skill level 4 in Air Magic
 33516 | Spider:1 | XOM: destruction
 33526 | Spider:1 | XOM: swap monsters
 33833 | Spider:2 | Reached skill level 6 in Translocations
 33844 | Spider:2 | XOM: enchant monster (bad)
 34163 | Spider:2 | XOM: confuse monster(s)
 34330 | Spider:2 | XOM: noise
 34335 | Spider:2 | Reached skill level 7 in Translocations
 34392 | Spider:2 | Reached skill level 5 in Air Magic
 34461 | Spider:2 | XOM: cast spell 'Olgreb's Toxic Radiance'
 34562 | Spider:2 | Reached skill level 15 in Dodging
 34574 | Spider:2 | XOM: divination: detect items
 34929 | Spider:2 | XOM: summons friendly iron imp
 34932 | Spider:2 | XOM: swap monsters
 35067 | Spider:3 | XOM: give mutations
 35067 | Spider:3 | Lost mutation: Your system is resistant to poisons. (rPois)
                  | [Xom's mischief]
 35067 | Spider:3 | Lost mutation: You are very robust. (+20% HP) [Xom's
                  | mischief]
 35076 | Spider:3 | Reached skill level 11 in Unarmed Combat
 35153 | Spider:3 | Reached XP level 17. HP: 89/89 MP: 30/30
 35157 | Spider:3 | Reached skill level 8 in Translocations
 35169 | Spider:3 | XOM: noise
 35358 | Spider:3 | XOM: 2-stop teleportation journey
 35407 | Spider:3 | XOM: chaos upgrade
 35411 | Spider:3 | HP: 1/110 [meliai/divine providence (10)]
 35434 | Spider:3 | XOM: draining
 35524 | Spider:3 | XOM: 6-stop teleportation journey
 35544 | Spider:3 | XOM: confusion (+ monsters)
 35572 | Spider:3 | Reached skill level 9 in Translocations
 35599 | Spider:3 | XOM: polymorph orb spider -> wolf spider
 35894 | Spider:4 | Entered Level 4 of the Spider Nest
 36032 | Spider:4 | XOM: silly message
 36060 | Spider:4 | Noticed Kirke
 36063 | Spider:4 | XOM: silly message
 36069 | Spider:4 | Killed Kirke
 36234 | Spider:4 | XOM: enchant monster (bad)
 36238 | Spider:4 | Reached skill level 10 in Translocations
 36606 | Spider:4 | Reached skill level 13 in Fighting
 36615 | Spider:4 | XOM: swap monsters
 36623 | Spider:4 | XOM: give mutations
 36623 | Spider:4 | Gained mutation: Your flesh is cold resistant. (rC+) [Xom's
                  | mischief]
 36623 | Spider:4 | Lost mutation: You are robust. (+10% HP) [Xom's mischief]
 36623 | Spider:4 | Lost mutation: You are very agile. (Dex +8, Str/Int -2)
                  | [Xom's mischief]
 36688 | Spider:4 | XOM: cast spell 'Leda's Liquefaction'
 36690 | Spider:4 | XOM: blink monster(s)
 36694 | Spider:4 | XOM: cast spell 'Summon Cactus Giant'
 36714 | Spider:4 | Reached skill level 11 in Translocations
 36814 | Spider:4 | XOM: fake destruction
 36815 | Spider:4 | XOM: enchant monster (good)
 36843 | Spider:4 | XOM: smoke on damage
 36850 | Spider:4 | XOM: noise
 36860 | Spider:4 | XOM: potion effect (might)
 36865 | Spider:4 | XOM: enchant monster (good)
 36909 | Spider:4 | Got a gossamer rune of Zot
 36951 | Spider:4 | XOM: silly message
 37182 | Elf:1    | Identified the "Poof"
 37182 | Elf:1    | Entered Level 1 of the Elven Halls
 37194 | Elf:1    | Reached skill level 16 in Shapeshifting
 37218 | Elf:1    | Noticed Norris
 37236 | Elf:1    | XOM: divination: detect items
 37245 | Elf:1    | Reached skill level 16 in Dodging
 37261 | Elf:1    | Killed Norris
 37274 | Elf:1    | Reached skill level 12 in Translocations
 37408 | Elf:1    | Noticed a Tzitzimitl
 37414 | Elf:1    | XOM: summons 4 friendly demons
 37428 | Elf:1    | XOM: swap monsters
 37439 | Elf:1    | Learned a level 5 spell: Silence
 37443 | Elf:1    | Learned a level 3 spell: Tukima's Dance
 37594 | Elf:1    | XOM: smoke on damage
 37607 | Elf:1    | Noticed Azrael
 37736 | Elf:1    | Killed Azrael
 37740 | Elf:1    | XOM: 3-stop teleportation journey
 37934 | Elf:1    | Reached skill level 12 in Unarmed Combat
 38129 | Elf:2    | XOM: polymorph deep elf archer -> water nymph
 38130 | Elf:2    | XOM: summons friendly quasit
 38136 | Elf:2    | XOM: enchant monster (bad)
 38217 | Elf:2    | XOM: stat loss: -1 Int (12/13)
 38233 | Elf:2    | XOM: enchant monster (good)
 38257 | Elf:2    | XOM: polymorph deep elf zephyrmancer -> manticore
 38266 | Elf:2    | Reached XP level 18. HP: 86/86 MP: 31/31
 38326 | Elf:2    | XOM: 2-stop teleportation journey
 38366 | Elf:2    | XOM: scenery: 1 fountains blood, 1 doors open, 1 doors
                  | close
 38430 | Elf:2    | Found a runed translucent gate.
 38430 | Elf:2    | Found a runed translucent gate.
 38430 | Elf:2    | Found a runed translucent gate.
 38430 | Elf:2    | XOM: 1-stop teleportation journey
 38454 | Elf:2    | XOM: summons 4 friendly demons
 38509 | Abyss:2  | Cast into level 2 of the Abyss (deep elf zephyrmancer)
 38678 | Abyss:2  | Noticed a bone dragon
 38686 | Abyss:2  | Killed a bone dragon
 38696 | Abyss:3  | Found a corrupted altar of Lugonu.
 38722 | Abyss:3  | Found a corrupted altar of Lugonu.
 38800 | Elf:2    | Escaped the Abyss
 38823 | Elf:2    | Reached skill level 14 in Fighting
 38833 | Elf:2    | Paralysed by an air elemental for 1 turns
 38976 | Elf:2    | Reached skill level 17 in Dodging
 38984 | Elf:2    | XOM: fog
 39015 | Elf:2    | XOM: 1-stop teleportation journey
 39141 | Elf:2    | XOM: give mutations
 39141 | Elf:2    | Gained mutation: You have an increased reservoir of magic.
                  | (+10% MP) [Xom's grace]
 39141 | Elf:2    | Gained mutation: You are mostly covered in iridescent
                  | scales. (AC +4) [Xom's grace]
 39141 | Elf:2    | Gained mutation: You are extremely strong-willed. (Will+++)
                  | [Xom's grace]
 39154 | Elf:2    | XOM: fake destruction
 39215 | Elf:2    | XOM: noise
 39288 | Elf:2    | Reached skill level 13 in Unarmed Combat
 39293 | Elf:2    | XOM: fog
 39299 | Elf:2    | XOM: divination: detect creatures
 39315 | Elf:2    | XOM: god gift: atropa-tipped dart
 39435 | Elf:2    | XOM: scenery: summon butterflies
 39575 | Elf:3    | Entered Level 3 of the Elven Halls
 39733 | Elf:3    | Found Casuev's Antique Weapon Shop.
 39738 | Elf:3    | Found Urorisi's Antique Armour Shop.
 39793 | Elf:3    | Noticed Nikola
 39808 | Elf:3    | Killed Nikola
 39815 | Elf:3    | Reached skill level 17 in Shapeshifting
 39815 | Elf:3    | XOM: confuse monster(s)
 40128 | Elf:3    | XOM: give mutations
 40128 | Elf:3    | Gained mutation: Your flesh is very heat resistant. (rF++)
                  | [Xom's grace]
 40128 | Elf:3    | Gained mutation: You possess an exceptional clarity of
                  | mind. [Xom's grace]
 40231 | Elf:3    | XOM: summons 15 friendly demons
 40323 | Elf:3    | XOM: scenery: create altars
 40560 | Elf:3    | XOM: enchant monster (good)
 40573 | Elf:3    | XOM: summons friendly quasit
 40578 | Elf:3    | Reached skill level 18 in Dodging
 40592 | Elf:3    | Identified the +5 hand axe of the Conjuring Saviour {vamp,
                  | *Slow rN+ Will++}
 40593 | Elf:3    | XOM: smoke on damage
 40599 | Elf:3    | Noticed a Hell Sentinel
 40629 | Elf:3    | Reached XP level 19. HP: 92/92 MP: 35/35
 40747 | Elf:3    | Identified the +6 mace of Ijaicvia {heavy, rC+ Dex+3}
 40747 | Elf:3    | Identified the orb of Macaroni {mayhem, Drain +Blink Str+3
                  | Stlth+}
 40754 | Elf:3    | Identified the +4 short sword of Ajorud {drain, rN+ rCorr}
 40755 | Elf:3    | Identified the ring "Faeptag" {rElec AC+4 Int+4}
 40761 | Elf:3    | Reached skill level 15 in Fighting
 40771 | Elf:3    | Noticed a Brimstone Fiend
 40772 | Elf:3    | XOM: divination: detect items
 40859 | Elf:3    | Found the +4 robe of Folly {Brill Will-∞ Int+8}
 40865 | Elf:3    | Identified the +1 plate armour of Vucleg {Contam rC+ Int+2}
 41189 | D:14     | Found a gate to the Vaults.
 41261 | Vaults:1 | Entered Level 1 of the Vaults
 41268 | Vaults:1 | XOM: polymorph arcanist -> torpor snail
 41374 | Vaults:1 | Reached skill level 14 in Unarmed Combat
 41415 | Vaults:1 | XOM: god gift: +4 scimitar of freezing
 41480 | Vaults:1 | Reached skill level 7 in Stealth
 41485 | Vaults:1 | XOM: noise
 41540 | Vaults:1 | XOM: swap monsters
 41681 | Vaults:1 | XOM: summons 2 hostile shadow creatures
 41998 | Vaults:1 | Identified the ring "Wekiji" {Str+3 SInv}
 42052 | Vaults:1 | Reached skill level 8 in Stealth
 42146 | Vaults:1 | Learned a level 4 spell: Cause Fear
 42173 | Vaults:1 | XOM: enchant monster (bad)
 42336 | Vaults:2 | Found a flickering gateway to a bazaar.
 42341 | Bazaar   | Entered a bazaar
 42342 | Bazaar   | Found But Nezudgha's Distillery.
 42350 | Bazaar   | Bought a potion of curing for 30 gold pieces
 42350 | Bazaar   | Bought a potion of curing for 30 gold pieces
 42350 | Bazaar   | Bought a potion of magic for 80 gold pieces
 42350 | Bazaar   | Bought a potion of curing for 30 gold pieces
 42350 | Bazaar   | Bought a potion of curing for 30 gold pieces
 42350 | Bazaar   | Bought a potion of heal wounds for 50 gold pieces
 42350 | Bazaar   | Bought a potion of heal wounds for 50 gold pieces
 42350 | Bazaar   | Found Yfurr's Antique Weapon Shoppe.
 42376 | Bazaar   | Found Hahen's General Store.
 42380 | Bazaar   | Found Ycruewn's Antique Weapon Shop.
 42382 | Bazaar   | Bought a wand of light (4) for 218 gold pieces
 42382 | Bazaar   | Bought a scroll of summoning for 123 gold pieces
 42382 | Bazaar   | Bought a potion of berserk rage for 65 gold pieces
 42421 | Bazaar   | Bought a potion of mutation for 80 gold pieces
 42469 | Vaults:2 | XOM: divination: magic mapping
 42491 | Vaults:2 | XOM: fog
 42506 | Vaults:2 | XOM: divination: detect creatures
 42538 | Vaults:2 | XOM: fake destruction
 42566 | Vaults:2 | XOM: 1-stop teleportation journey
 42575 | Vaults:2 | XOM: noise
 42604 | Vaults:2 | Reached skill level 9 in Stealth
 42613 | Vaults:2 | XOM: fog
 42627 | Vaults:2 | XOM: polymorph dire elephant -> fire giant
 42647 | Vaults:2 | XOM: give mutations
 42647 | Vaults:2 | Lost mutation: Your flesh is very heat resistant. (rF++)
                  | [Xom's mischief]
 42647 | Vaults:2 | Lost mutation: You have a pair of antennae on your head.
                  | [Xom's mischief]
 42647 | Vaults:2 | Lost mutation: Your flesh is cold resistant. (rC+) [Xom's
                  | mischief]
 42647 | Vaults:2 | Gained mutation: Your muscles are strong. (Str +4, Int/Dex
                  | -1) [Xom's mischief]
 42670 | Vaults:2 | XOM: scenery: 1 doors close
 42675 | Vaults:2 | XOM: polymorph ironbound preserver -> azure jelly
 42679 | Vaults:2 | XOM: cleaving
 42698 | Vaults:2 | XOM: confuse monster(s)
 42707 | Vaults:2 | Reached skill level 19 in Dodging
 42713 | Vaults:2 | You fall into a shaft and drop 2 floors!
 42744 | Vaults:4 | Reached skill level 15 in Hexes
 42906 | Vaults:2 | Found a staircase to the Crypt.
 42912 | Vaults:2 | Reached skill level 10 in Stealth
 43000 | Vaults:2 | XOM: confuse monster(s)
 43028 | Vaults:2 | XOM: silly message
 43105 | Vaults:2 | Reached XP level 20. HP: 97/97 MP: 36/36
 43117 | Vaults:2 | Reached skill level 15 in Unarmed Combat
 43244 | Vaults:2 | XOM: potion effect (berserk rage)
 43257 | Vaults:2 | Reached skill level 18 in Shapeshifting
 43266 | Vaults:2 | XOM: potion effect (haste)
 43294 | Vaults:2 | Reached skill level 11 in Stealth
 43419 | Vaults:2 | XOM: smoke on damage
 43503 | Vaults:2 | XOM: summons 10 friendly demons
 43652 | Vaults:2 | Found a transporter.
 43699 | Vaults:2 | Found a transporter.
 43762 | Vaults:2 | XOM: scenery: 3 doors close
 44106 | Vaults:2 | Identified the ring of Spontaneous Combustion {rN+ Will-
                  | rCorr MP+9 Dex-4}
 44118 | Vaults:2 | Identified the ring of Biumoczocu {Wiz Str-3 Int+7 Stlth+}
 44218 | Vaults:3 | Reached skill level 12 in Stealth
 44245 | Vaults:3 | Found Faclakath's Armour Shop.
 44279 | Vaults:3 | XOM: summons friendly shadow imp
 44306 | Vaults:3 | XOM: polymorph vault sentinel -> tarantella
 44308 | Vaults:3 | Reached skill level 16 in Fighting
 44586 | Vaults:3 | XOM: scenery: 1 doors close
 44786 | Vaults:3 | Reached skill level 16 in Hexes
 44850 | Vaults:3 | Noticed Saint Roka
 44876 | Vaults:3 | Saint Roka changed into Saint Roka the caustic shrike
 44876 | Vaults:3 | Noticed Saint Roka
 44876 | Vaults:3 | XOM: polymorph Saint Roka -> Saint Roka the caustic shrike
 44881 | Vaults:3 | Killed Saint Roka the caustic shrike
 45161 | Vaults:3 | XOM: scenery: 2 doors close
 45281 | Vaults:4 | Reached skill level 16 in Unarmed Combat
 45286 | Vaults:4 | XOM: potion effect (attraction)
 45293 | Vaults:4 | XOM: 2-stop teleportation journey
 45860 | Vaults:4 | XOM: noise
 45864 | Vaults:4 | XOM: divination: detect items
 45866 | Vaults:4 | XOM: summons 2 friendly demons
 45875 | Vaults:4 | XOM: cast spell 'Dispersal'
 45879 | Vaults:4 | XOM: silly message
 45889 | Vaults:4 | XOM: enchant monster (bad)
 46110 | Vaults:4 | Reached skill level 20 in Dodging
 46142 | Vaults:4 | XOM: confuse monster(s)
 46146 | Vaults:4 | XOM: silly message
 46148 | Vaults:4 | XOM: polymorph very large slime creature -> moth of wrath
 46150 | Vaults:4 | XOM: cast spell 'Chain of Chaos'
 46152 | Vaults:4 | XOM: enchant monster (good)
 46160 | Vaults:4 | XOM: fake destruction
 46187 | Vaults:4 | Identified the staff of the Extremely Mad {rElec rCorr Air}
 46396 | Vaults:4 | Identified 3 scrolls of acquirement
 46397 | Vaults:4 | Acquired 1217 gold pieces
 46398 | Vaults:4 | Acquired the dreamshard necklace {Acrobat *Dream}
 46398 | Vaults:4 | Found the dreamshard necklace {Acrobat *Dream}
 46399 | Vaults:4 | Acquired an Inescapable Atlas
 46404 | Vaults:4 | Learned a level 2 spell: Blink
 46409 | Vaults:4 | Learned a level 4 spell: Manifold Assault
 46499 | Crypt:1  | Entered Level 1 of the Crypt
 46525 | Crypt:1  | Reached XP level 21. HP: 103/103 MP: 37/37
 46545 | Crypt:1  | XOM: give mutation
 46545 | Crypt:1  | Lost mutation: You are partially covered in large bone
                  | plates. (SH +4) [Xom's mischief]
 46658 | Crypt:1  | Found a runed translucent gate.
 46658 | Crypt:1  | Found a runed translucent gate.
 46659 | Crypt:1  | Found a runed translucent gate.
 46659 | Crypt:1  | Noticed Wuppom's ghost (veteran GrFi)
 46671 | Crypt:1  | XOM: torment (104/133 hp)
 46677 | Crypt:1  | XOM: confuse monster(s)
 46682 | Crypt:1  | Killed Wuppom's ghost
 46707 | Crypt:1  | Identified the staff "Ubly" {rElec rN+ Dex+3 Conj Air}
 47022 | Crypt:1  | XOM: summons 2 friendly demons
 47117 | Crypt:1  | Reached skill level 17 in Hexes
 47570 | Crypt:2  | Reached skill level 17 in Unarmed Combat
 47613 | Crypt:2  | XOM: divination: magic mapping
 47739 | Crypt:2  | XOM: enchant monster (bad)
 47761 | Crypt:2  | XOM: give mutations
 47761 | Crypt:2  | Gained mutation: You are vulnerable to cold. (rC-) [Xom's
                  | mischief]
 47761 | Crypt:2  | Lost mutation: You possess an exceptional clarity of mind.
                  | [Xom's mischief]
 47761 | Crypt:2  | Gained mutation: You are dopey. (Int -2) [Xom's mischief]
 47795 | Crypt:2  | Noticed Khufu
 47801 | Crypt:2  | XOM: summons 4 hostile demons
 47804 | Crypt:2  | Noticed a royal mummy
 47811 | Crypt:2  | Killed Khufu
 47814 | Crypt:2  | Noticed a royal mummy
 47817 | Crypt:2  | XOM: noise
 47823 | Crypt:2  | Killed a royal mummy
 47994 | Crypt:2  | XOM: swap monsters
 48005 | Crypt:2  | Killed a royal mummy
 48364 | Crypt:3  | XOM: stealth player
 48364 | Crypt:3  | Entered Level 3 of the Crypt
 48400 | Crypt:3  | XOM: enchant monster (bad)
 48408 | Crypt:3  | XOM: smoke on damage
 48426 | Crypt:3  | XOM: noise
 48428 | Crypt:3  | Reached skill level 19 in Shapeshifting
 48429 | Crypt:3  | XOM: cleaving
 48449 | Crypt:3  | XOM: stat loss: -1 Int (14/15)
 48462 | Crypt:3  | XOM: chaos cloud
 48464 | Crypt:3  | Reached skill level 17 in Fighting
 48475 | Crypt:3  | XOM: swap monsters
 48524 | Crypt:3  | Noticed a curse toe
 48626 | Crypt:3  | XOM: scenery: create altars
 48633 | Crypt:3  | XOM: confuse monster(s)
 48635 | Crypt:3  | XOM: confuse monster(s)
 48646 | Crypt:2  | XOM: enchant monster (bad)
 48658 | Crypt:2  | XOM: enchant monster (good)
 48682 | Crypt:3  | XOM: destruction
 48687 | Crypt:3  | XOM: fog
 48716 | Crypt:3  | Reached skill level 18 in Hexes
 48750 | Crypt:3  | Reached skill level 18 in Unarmed Combat
 48828 | Crypt:3  | Killed a curse toe
 48842 | Crypt:3  | XOM: silly message
 48869 | Crypt:3  | Noticed a dread lich
 48869 | Crypt:3  | Noticed a dread lich
 48961 | Crypt:3  | XOM: noise
 48970 | Crypt:3  | Killed a dread lich
 48972 | Crypt:3  | Killed a dread lich
 48998 | Crypt:3  | Reached XP level 22. HP: 109/109 MP: 25/38
 49033 | Crypt:3  | XOM: give mutations
 49033 | Crypt:3  | Lost mutation: You have an increased reservoir of magic.
                  | (+10% MP) [Xom's mischief]
 49033 | Crypt:3  | Lost mutation: You are extremely strong-willed. (Will+++)
                  | [Xom's mischief]
 49041 | Crypt:3  | Identified the +1 plate armour of Disguise {Int+5 Stlth+}
 49042 | Crypt:3  | Identified the ring of the Fiend {rF+ rC- Will+ Str+3 SInv}
 49231 | Crypt:3  | Found a staircase to the Tomb.
 49354 | Crypt:3  | XOM: give mutations
 49354 | Crypt:3  | Lost mutation: You are agile. (Dex +4, Str/Int -1) [Xom's
                  | mischief]
 49354 | Crypt:3  | Lost mutation: Your muscles are strong. (Str +4, Int/Dex
                  | -1) [Xom's mischief]
 49354 | Crypt:3  | Lost mutation: You have a pair of small antennae on your
                  | head. [Xom's mischief]
 49354 | Crypt:3  | Lost mutation: You are dopey. (Int -2) [Xom's mischief]
 49355 | Crypt:3  | Lost mutation: You have a somewhat thin skeletal structure.
                  | (Dex +2, Stealth+) [potion of mutation]
 49355 | Crypt:3  | Lost mutation: You are mostly covered in iridescent scales.
                  | (AC +4) [potion of mutation]
 49356 | Crypt:3  | Lost mutation: Your natural rate of healing is unusually
                  | fast. [potion of mutation]
 49356 | Crypt:3  | Lost mutation: You are highly strong-willed. (Will++)
                  | [potion of mutation]
 49356 | Crypt:3  | Lost mutation: You are partially covered in iridescent
                  | scales. (AC +2) [potion of mutation]
 49356 | Crypt:3  | Gained mutation: You are frail. (-10% HP) [potion of
                  | mutation]
 49356 | Crypt:3  | Gained mutation: You possess an exceptional clarity of
                  | mind. [potion of mutation]
 49356 | Crypt:3  | Lost mutation: You are strong-willed. (Will+) [potion of
                  | mutation]
 49356 | Crypt:3  | Gained mutation: You have an increased reservoir of magic.
                  | (+10% MP) [potion of mutation]
 49357 | Crypt:3  | Lost mutation: Your flesh is heat resistant. (rF+) [potion
                  | of mutation]
 49357 | Crypt:3  | Lost mutation: You possess an exceptional clarity of mind.
                  | [potion of mutation]
 49357 | Crypt:3  | Lost mutation: You are frail. (-10% HP) [potion of
                  | mutation]
 49357 | Crypt:3  | Gained mutation: You have a pair of small horns on your
                  | head. [potion of mutation]
 49357 | Crypt:3  | Gained mutation: You are somewhat resistant to further
                  | mutation. [potion of mutation]
 49358 | Crypt:3  | Lost mutation: You have a pair of small horns on your head.
                  | [potion of mutation]
 49358 | Crypt:3  | Lost mutation: You are vulnerable to cold. (rC-) [potion of
                  | mutation]
 49358 | Crypt:3  | Lost mutation: You are somewhat resistant to further
                  | mutation. [potion of mutation]
 49358 | Crypt:3  | Gained mutation: Your body sometimes deteriorates upon
                  | taking damage. [potion of mutation]
 49358 | Crypt:3  | Gained mutation: You possess an exceptional clarity of
                  | mind. [potion of mutation]
 49358 | Crypt:3  | Gained mutation: Potions are less effective at restoring
                  | your health. [potion of mutation]
 49358 | Crypt:3  | Gained mutation: Your flesh is heat resistant. (rF+)
                  | [potion of mutation]
 49359 | Crypt:3  | Lost mutation: Your flesh is heat resistant. (rF+) [potion
                  | of mutation]
 49359 | Crypt:3  | Lost mutation: You possess an exceptional clarity of mind.
                  | [potion of mutation]
 49359 | Crypt:3  | Lost mutation: You have an increased reservoir of magic.
                  | (+10% MP) [potion of mutation]
 49359 | Crypt:3  | Gained mutation: You passively dampen the noise of your
                  | surroundings. [potion of mutation]
 49359 | Crypt:3  | Lost mutation: You passively dampen the noise of your
                  | surroundings. [potion of mutation]
 49360 | Crypt:3  | Lost mutation: Potions are less effective at restoring your
                  | health. [potion of mutation]
 49360 | Crypt:3  | Lost mutation: Your body sometimes deteriorates upon taking
                  | damage. [potion of mutation]
 49360 | Crypt:3  | Gained mutation: You are partially covered in iridescent
                  | scales. (AC +2) [potion of mutation]
 49360 | Crypt:3  | Gained mutation: You are mostly covered in iridescent
                  | scales. (AC +4) [potion of mutation]
 49360 | Crypt:3  | Gained mutation: You are agile. (Dex +4, Str/Int -1)
                  | [potion of mutation]
 49360 | Crypt:3  | Gained mutation: You have very sharp fingernails. [potion
                  | of mutation]
 49431 | Crypt:1  | XOM: draining
 49647 | Depths:1 | XOM: stealth player
 49647 | Depths:1 | Entered Level 1 of the Depths
 49654 | Depths:1 | Found Rem Opt's Jewellery Shoppe.
 49655 | Depths:1 | Found Kifiajez's Book Boutique.
 49655 | Depths:1 | Found Liynk's Book Boutique.
 49681 | Depths:1 | Bought a manual of Unarmed Combat for 1040 gold pieces
 49696 | Depths:1 | XOM: noise
 49698 | Depths:1 | Found a gateway to Hell.
 49707 | Depths:1 | XOM: potion effect (berserk rage)
 49743 | Depths:1 | XOM: confuse monster(s)
 49757 | Depths:1 | XOM: scenery: summon butterflies
 49760 | Depths:1 | XOM: cast spell 'Summon Small Mammal'
 49799 | Depths:1 | HP: 2/141 [fire giant/fireball (17)]
 49799 | Depths:1 | XOM: smoke on damage
 49905 | Depths:1 | Noticed Sojobo
 49905 | Depths:1 | XOM: fake destruction
 49911 | Depths:1 | XOM: cleaving
 49921 | Depths:1 | Killed Sojobo
 49922 | Depths:1 | Reached skill level 19 in Unarmed Combat
 50001 | Depths:1 | XOM: cast spell 'Summon Ice Beast'
 50007 | Depths:1 | XOM: scenery: summon butterflies
 50007 | Depths:1 | Noticed the Enchantress
 50008 | Depths:1 | XOM: cast spell 'Summon Cactus Giant'
 50017 | Depths:1 | Killed the Enchantress
 50101 | Depths:1 | Reached skill level 19 in Hexes
 50102 | Depths:1 | XOM: cleaving
 50104 | Depths:1 | XOM: chaos upgrade
 50210 | Depths:1 | Found a one-way gate leading to the halls of Pandemonium.
 50637 | Depths:2 | XOM: enchant monster (bad)
 50666 | Depths:2 | XOM: swap monsters
 50729 | Depths:2 | Found a snail-covered altar of Cheibriados.
 50771 | Depths:2 | Reached skill level 20 in Unarmed Combat
 50774 | Depths:2 | XOM: smoke on damage
 50828 | Depths:2 | XOM: summons 4 hostile demons
 50905 | Depths:2 | XOM: draining
 50914 | Depths:2 | XOM: silly message
 50919 | Depths:2 | XOM: summons 7 friendly demons
 50929 | Depths:2 | XOM: divination: detect items
 50945 | Depths:2 | Reached skill level 18 in Fighting
 51054 | Depths:2 | XOM: scenery: summon butterflies
 51060 | Depths:2 | Found a one-way gate to the infinite horrors of the Abyss.
 51078 | Depths:2 | Reached skill level 20 in Shapeshifting
 51082 | Depths:2 | XOM: give mutations
 51082 | Depths:2 | Gained mutation: Potions are less effective at restoring
                  | your health. [Xom's mischief]
 51082 | Depths:2 | Gained mutation: You are vulnerable to heat. (rF-) [Xom's
                  | mischief]
 51252 | Depths:2 | Reached skill level 20 in Hexes
 51299 | Depths:2 | Noticed a golden dragon
 51311 | Depths:2 | Killed a golden dragon
 51348 | Depths:2 | XOM: confusion (+ monsters)
 51404 | Depths:2 | XOM: cleaving
 51418 | Depths:2 | XOM: swap monsters
 51420 | Depths:2 | XOM: enchant monster (good)
 51422 | Depths:2 | Reached XP level 23. HP: 115/115 MP: 36/36
 51470 | Depths:2 | XOM: 2-stop teleportation journey
 51481 | Depths:2 | Reached skill level 19 in Fighting
 51603 | Depths:1 | Lost mutation: You have very sharp fingernails. [potion of
                  | mutation]
 51603 | Depths:1 | Lost mutation: Potions are less effective at restoring your
                  | health. [potion of mutation]
 51603 | Depths:1 | Gained mutation: You have an increased reservoir of magic.
                  | (+10% MP) [potion of mutation]
 51603 | Depths:1 | Gained mutation: You have very sharp fingernails. [potion
                  | of mutation]
 51603 | Depths:1 | Lost mutation: You are agile. (Dex +4, Str/Int -1) [potion
                  | of mutation]
 51604 | Depths:1 | Lost mutation: You are vulnerable to heat. (rF-) [potion of
                  | mutation]
 51604 | Depths:1 | Lost mutation: You have very sharp fingernails. [potion of
                  | mutation]
 51604 | Depths:1 | Gained mutation: You are weak. (Str -2) [potion of
                  | mutation]
 51604 | Depths:1 | Gained mutation: You have a pair of small antennae on your
                  | head. [potion of mutation]
 51604 | Depths:1 | Gained mutation: Your flesh is heat resistant. (rF+)
                  | [potion of mutation]
 51657 | Depths:1 | XOM: give mutations
 51657 | Depths:1 | Lost mutation: You have an increased reservoir of magic.
                  | (+10% MP) [Xom's mischief]
 51657 | Depths:1 | Gained mutation: You are frail. (-10% HP) [Xom's mischief]
 51657 | Depths:1 | Gained mutation: You are very weak. (Str -4) [Xom's
                  | mischief]
 51703 | Depths:2 | XOM: stat loss: -1 Dex (24/25)
 51710 | Depths:2 | XOM: polymorph fire dragon -> shapeshifter
 51715 | Depths:2 | XOM: polymorph jumping spider -> shapeshifter
 52038 | Depths:3 | XOM: swap monsters
 52075 | Depths:3 | XOM: enchant monster (bad)
 52094 | Depths:3 | XOM: noise
 52095 | Depths:3 | XOM: blink monster(s)
 52098 | Depths:3 | Noticed Louise
 52104 | Depths:3 | XOM: confuse monster(s)
 52113 | Depths:3 | Killed Louise
 52184 | Depths:3 | XOM: noise
 52367 | Depths:3 | Reached skill level 20 in Fighting
 52456 | Depths:3 | XOM: 3-stop teleportation journey
 52594 | Depths:3 | HP: 8/204 [tengu reaver/+2 war axe of electrocution (6)]
 52599 | Depths:3 | HP: 4/204 [tengu reaver/+2 war axe of electrocution (10)]
 52601 | Depths:3 | HP: 1/204 [fire giant/+1 great sword of flaming (6)]
 52604 | Depths:3 | Demolished by a fire giant
 52662 | Depths:3 | XOM: 4-stop teleportation journey
 52687 | Depths:3 | XOM: summons 4 friendly demons
 52697 | Depths:3 | Reached skill level 6 in Evocations
 52713 | Depths:3 | XOM: scenery: create altars
 52714 | Depths:3 | XOM: scenery: summon butterflies
 52721 | Depths:3 | XOM: noise
 53034 | Depths:3 | XOM: silly message
 53048 | Depths:3 | XOM: scenery: summon butterflies
 53055 | Depths:3 | XOM: 1-stop teleportation journey
 53102 | Depths:3 | XOM: cast spell 'Alistair's Intoxication'
 53329 | Depths:3 | XOM: give mutations
 53329 | Depths:3 | Gained mutation: You expend magic power (3 MP) to
                  | strengthen your wands. [Xom's mischief]
 53329 | Depths:3 | Lost mutation: Your flesh is heat resistant. (rF+) [Xom's
                  | mischief]
 53329 | Depths:3 | Lost mutation: You expend magic power (3 MP) to strengthen
                  | your wands. [Xom's mischief]
 53329 | Depths:3 | Lost mutation: You are mostly covered in iridescent scales.
                  | (AC +4) [Xom's mischief]
 53407 | Depths:4 | Entered Level 4 of the Depths
 53423 | Depths:3 | XOM: give mutations
 53423 | Depths:3 | Gained mutation: You are agile. (Dex +4, Str/Int -1) [Xom's
                  | grace]
 53423 | Depths:3 | Gained mutation: Your system is resistant to poisons.
                  | (rPois) [Xom's grace]
 53423 | Depths:3 | Gained mutation: You possess an exceptional clarity of
                  | mind. [Xom's grace]
 53447 | Depths:4 | XOM: divine lightning
 53462 | Depths:4 | XOM: god gift: short sword {god gift}
 53473 | Depths:3 | Identified the +1 plate armour of Jylinaet {*Corrode MP+9
                  | Str+3 SInv} (Xom gifted it to you on level 3 of the Depths)
 53473 | Depths:3 | XOM: god gift: +1 plate armour of Jylinaet {*Corrode MP+9
                  | Str+3 SInv}
 53543 | Depths:3 | XOM: give mutation
 53543 | Depths:3 | Lost mutation: Your system is resistant to poisons. (rPois)
                  | [Xom's mischief]
 53564 | Depths:4 | XOM: cleaving
 53592 | Depths:4 | Reached skill level 7 in Evocations
 53683 | Depths:4 | XOM: give mutations
 53683 | Depths:4 | Gained mutation: Your mind is acute. (Int +4, Str/Dex -1)
                  | [Xom's grace]
 53683 | Depths:4 | Gained mutation: You are resistant to electric shocks.
                  | (rElec) [Xom's grace]
 53683 | Depths:4 | Gained mutation: A frigid envelope surrounds you and
                  | freezes all who hurt you. [Xom's grace]
 53683 | Depths:4 | Gained mutation: You expend magic power (3 MP) to
                  | strengthen your wands. [Xom's grace]
 53816 | Depths:4 | Found a one-way gateway to a ziggurat.
 53889 | Depths:4 | XOM: scenery: 1 doors open
 53958 | Depths:4 | XOM: summons friendly iron imp
 53986 | Depths:4 | XOM: polymorph deep troll shaman -> jorogumo
 53999 | Depths:4 | XOM: confuse monster(s)
 54002 | Depths:4 | XOM: polymorph deep troll -> deep troll
 54032 | Depths:4 | XOM: 4-stop teleportation journey
 54053 | Depths:4 | Reached XP level 24. HP: 110/110 MP: 11/36
 54199 | Depths:4 | Found a gate to the Realm of Zot.
 54241 | Depths:4 | Reached skill level 8 in Evocations
 54439 | Depths:4 | XOM: silly message
 54587 | Depths:3 | XOM: enchant monster (good)
 54921 | Vaults:5 | Entered Level 5 of the Vaults
 54923 | Vaults:5 | XOM: enchant monster (good)
 54928 | Vaults:5 | XOM: summons friendly quasit
 54930 | Vaults:5 | XOM: silly message
 54939 | Vaults:5 | XOM: cast spell 'Summon Ice Beast'
 54964 | Vaults:5 | XOM: summons 4 friendly demons
 54973 | Vaults:5 | Noticed an ancient lich
 54983 | Vaults:5 | Killed an ancient lich
 54990 | Vaults:5 | XOM: cast spell 'Summon Dragon'
 54991 | Vaults:5 | XOM: enchant monster (good)
 54994 | Vaults:5 | Reached skill level 9 in Evocations
 55031 | Vaults:5 | XOM: enchant monster (good)
 55039 | Vaults:5 | Reached skill level 10 in Evocations
 55050 | Vaults:5 | XOM: fog
 55052 | Vaults:5 | XOM: polymorph ogre mage -> anaconda
 55077 | Vaults:5 | XOM: cleaving
 55090 | Vaults:5 | XOM: god gift: scroll of fear
 55106 | Vaults:5 | Reached skill level 11 in Evocations
 55167 | Vaults:5 | Reached skill level 12 in Evocations
 55256 | Vaults:5 | XOM: polymorph vault guard -> goliath frog
 55276 | Vaults:5 | XOM: divine lightning
 55319 | Vaults:5 | XOM: scenery: summon butterflies
 55335 | Vaults:5 | Reached skill level 13 in Evocations
 55335 | Vaults:5 | XOM: destruction
 55352 | Vaults:5 | Identified the +0 leather armour of the Blind Marksman
                  | {rC+}
 55352 | Vaults:5 | XOM: 6-stop teleportation journey
 55352 | Vaults:5 | Identified the ring of Ehochot {Fire Fly MP-9 Dex+3}
 55355 | Vaults:5 | XOM: scenery: summon butterflies
 55497 | Vaults:5 | Identified the ring "Petuur" {rElec MP+9}
 55531 | Vaults:5 | Noticed Mennas
 55532 | Vaults:5 | XOM: polymorph tengu reaver -> quicksilver dragon
 55550 | Vaults:5 | Killed Mennas
 55551 | Vaults:5 | Reached skill level 14 in Evocations
 55646 | Vaults:5 | Got a silver rune of Zot
 55746 | Vaults:5 | XOM: divination: detect creatures
 55772 | Vaults:5 | Learned a level 1 spell: Apportation
 55790 | Vaults:5 | Identified the +3 mace of the Unkillable {heavy, rN++ Str-3
                  | Dex+2 Stlth+}
 55794 | Vaults:5 | Noticed an ancient lich
 55808 | Vaults:5 | Killed an ancient lich
 55865 | Vaults:4 | XOM: torment (103/143 hp)
 55907 | Vaults:5 | Reached skill level 9 in Spellcasting
 55992 | Vaults:5 | Noticed a dread lich
 56007 | Vaults:5 | Killed a dread lich
 56055 | Vaults:5 | Noticed a dread lich
 56065 | Vaults:5 | Killed a dread lich
 56066 | Vaults:5 | Reached skill level 15 in Evocations
 56272 | Vaults:5 | Reached XP level 25. HP: 114/114 MP: 37/37
 56474 | Vaults:5 | XOM: cast spell 'Call Canine Familiar'
 56957 | D:14     | XOM: scenery: 1 doors close
 56982 | D:15     | Bought a potion of ambrosia for 128 gold pieces
 56982 | D:15     | Bought a potion of resistance for 160 gold pieces
 56982 | D:15     | Bought a potion of brilliance for 64 gold pieces
 56982 | D:15     | Bought a potion of brilliance for 64 gold pieces
 57114 | Zot:1    | Entered Level 1 of the Realm of Zot
 57116 | Zot:1    | Identified the "Suthruhe" (You acquired it on level 1 of
                  | the Realm of Zot)
 57116 | Zot:1    | Acquired the ring of Avvi {rF+ rCorr Str+2 Int-3}
 57128 | Zot:1    | XOM: enchant monster (bad)
 57154 | Zot:1    | XOM: god gift: 350 gold pieces
 57170 | Zot:1    | Reached skill level 10 in Spellcasting
 57178 | Zot:1    | XOM: divine lightning
 57449 | Zot:4    | Identified the "Etah Povvyu"
 57449 | Zot:4    | Identified the "Pewad"
 57453 | Zot:5    | Entered Level 5 of the Realm of Zot
 57558 | Zot:5    | Reached skill level 16 in Evocations
 57608 | Zot:5    | XOM: destruction
 57788 | Zot:5    | Reached skill level 11 in Spellcasting
 57790 | Zot:5    | Identified the amulet of Xom's Felicitations {Acrobat Fly
                  | Slay+3} (Xom gifted it to you on level 5 of the Realm of
                  | Zot)
 57790 | Zot:5    | XOM: god gift: amulet of Xom's Felicitations {Acrobat Fly
                  | Slay+3}
 57804 | Zot:5    | Noticed an orb of fire
 57808 | Zot:5    | Got the Orb of Zot
 57810 | Zot:5    | Noticed a dread lich
 57810 | Zot:5    | Noticed an orb of fire
 57810 | Zot:5    | Noticed an ancient lich
 57919 | Zot:2    | Noticed Zareagat the pandemonium lord
 57940 | Zot:1    | XOM: swap monsters
 57968 | Depths:4 | XOM: silly message
 58110 | D:15     | Noticed Dothal the pandemonium lord
 58271 | D:5      | XOM: polymorph Orb Guardian -> iron troll
 58313 | D:4      | Noticed Guysi the pandemonium lord
 58343 | D:3      | Noticed Haadehid the pandemonium lord
 58352 | D:2      | XOM: cast spell 'Metabolic Englaciation'
 58373 | D:$      | Escaped with the Orb!

Illustrated notes

Levels and vault maps discovered:
D:1:      lemuel_arrival_broad_hall, layout_loops_ring
D:2:      layout_basic
D:3:      layout_loops_ring, serial_shops, shop, basic_ecumenical_altar,
          kennysheep_path_1
D:4:      layout_basic, minmay_temple_entry_glass,
          gammafunk_ghost_nasty_kobolds, minmay_hedge_maze
D:5:      layout_basic, eino_small_chamber_without_monster,
          dilly_guarded_unrand_devastator
D:6:      layout_rooms, lemuel_zombie_altar_kikubaaqudgha, serial_aquarium,
          aquarium_bridge_square [aquarium_subvault_window,
          aquarium_subvault_wall, aquarium_subvault_bridge,
          aquarium_subvault_wall], aquarium_window_1,
          aquarium_window_corridor_1, aquarium_window_fake, aquarium_view_2a,
          aquarium_view_2a, aquarium_pool_side
D:7:      minmay_inner_zag, layout_basic
D:8:      layout_cave_pools, mainiacjoe_overflow_small_starburst,
          minmay_liquid_box, nicolae_elevator_lobby_asterisk
D:9:      kennysheep_housing_project, layout_irregular_city,
          mainiacjoe_overflow_catch_the_wave, serial_shops, shop, shop, shop,
          bh_circular_ruins
D:10:     layout_gridville, grunt_lair_entry_orc_guard_hut, nicolae_eternal_life
D:11:     layout_loops_cross, hiddenorc2_lemuel, nicolae_uskayaw_dance_studio
D:12:     layout_irregular_city, serial_column_ruins, column_ruins_hut,
          column_ruins_hut_pillars, column_ruins_grid_2, column_ruins_grid_1,
          column_ruins_open_tiny, column_ruins_grid_1, column_ruins_open_small,
          nicolae_ru_awakened_eye
D:13:     layout_stronghold
D:14:     layout_basic, grunt_vaults_entry_fortified,
          nicolae_trove_entry_path_of_doom, nicolae_kite_square_tiling_tiny,
          hangedman_feature_mirror
D:15:     grunt_enter_depths_magical_seal, layout_cave_pools, chequers_avenue,
          serial_shops, shop
Lair:1:   layout_small_grid, lemuel_fruit_tree, uniq_fannar, uniq_urug
Lair:2:   layout_regular_city, spider_nest_entry_webs, enter_volcano_2
Lair:3:   layout_cave_pods, skrybe_swamp_entry_bodies, uniq_nergalle,
          uniq_nessos
Lair:4:   layout_loops_ring, minmay_slime_entry_pillars
Lair:5:   minmay_lair_end_frog_pond, layout_gridlike, serial_bayou_shore_b
Swamp:1:  layout_basic_swamp, nicolae_swamp_fairy_circle,
          nicolae_swamp_wisp_ring_woods, infiniplex_staircase_pool_2
Swamp:2:  layout_falls_marsh, evilmike_swamp_ruin_house_6, uniq_donald,
          uniq_aizul
Swamp:3:  layout_falls_marsh, infiniplex_staircase_pool
Swamp:4:  swamp, layout_basic_swamp
Spider:1: layout_spider_delve, drop_trap, uniq_frances
Spider:2: layout_chambers, drop_trap, nicolae_spider_bzzzt
Spider:3: layout_cave_pods
Spider:4: spider_rune_water, uniq_kirke
Orc:1:    layout_diamond_mine
Orc:2:    grunt_orc_community_town_hall, layout_caves,
          grunt_orc_community_big_house_2, grunt_orc_community_big_house_1,
          grunt_orc_community_house_3, grunt_orc_community_house_3,
          grunt_orc_community_house_3, grunt_orc_community_house_2,
          grunt_orc_community_house_1, gammafunk_ghost_fury_of_okawaru,
          basic_altar
Elf:1:    eino_elf_arrival_the_gate, layout_geoelf_grid, minmay_elf_demonology,
          uniq_norris, uniq_azrael
Elf:2:    nicolae_elf_blades_crystal_corner, layout_gridlike
Elf:3:    minmay_elf_hall_x, layout_loops_corners, minmay_shop_star, uniq_nikola
Vaults:1: vaults_room_fancy_cross, nicolae_vaults_little_squares_2,
          nicolae_vaults_ninety_degrees, ontoclasm_vaults_ring_small,
          grunt_vaults_hallway_long, nicolae_vaults_security_offices_2,
          v_rooms_5, nicolae_vaults_theta, ontoclasm_vaults_tryst,
          nicolae_vaults_double_plus_2, nicolae_vaults_double_plus_1,
          grunt_vaults_hallway_short, layout_vaults_maze_bifur
Vaults:2: serial_ice_g, gammafunk_its_a_trap, nicolae_vaults_double_plus_2,
          nicolae_vaults_big_ls, nicolae_vaults_ellipses_ellipsis,
          minmay_crypt_entry_simple_sparse, nicolae_vaults_network_barrier,
          ontoclasm_vaults_ring_small, nicolae_vaults_twisting_passages,
          v_rooms_1, nicolae_vaults_little_squares_5, vaults_room_large_hall,
          nicolae_vaults_trapezoid_2, nicolae_vaults_trapezoid_2,
          vaults_dpeg_hooks, layout_vaults_omnibox, serial_shops, bzr_entry_road
Vaults:3: grunt_vaults_funnel, nicolae_vaults_house_3, hangedman_vaults_cutoff,
          nicolae_vaults_mini_display_case, ontoclasm_vaults_gateway, v_misc_19,
          nicolae_vaults_storage_closets_3, nicolae_vaults_sesquioval_fish,
          nicolae_vaults_double_plus_1, nicolae_vaults_taking_the_gang_shopping,
          layout_vaults_omnigrid, uniq_saint_roka
Vaults:4: hangedman_vaults_restitches, dpeg_vaults_hating_casters, v_misc_25,
          nicolae_vaults_double_plus_3, nicolae_vaults_variable_pillar_hall,
          vaults_mumra_chevron, nicolae_vaults_house_2, nicolae_vaults_house_1,
          nicolae_vaults_tetromino_T_2, nicolae_vaults_tetromino_T_1,
          nicolae_vaults_trapezoid_2, layout_vaults_chaotic_city
Vaults:5: uniq_mennas
Crypt:1:  layout_basic, ebering_ghost_rock_garden
Crypt:2:  layout_chaotic_city, grunt_megastairs_2, uniq_khufu
Crypt:3:  david_glass_crypt, layout_rooms, tomb_entry_shell_bobbens
Depths:1: nicolae_cairo_tiling_very_big, layout_cross, hangedman_coc_ice_floe,
          rand_demon_pan_entry_1, bh_walls_and_bars, amcnicky_mini_pool_medium,
          minmay_shop_grove, uniq_sojobo, uniq_enchantress
Depths:2: grunt_bent_corner, layout_long_grid, pan_entry, basic_altar,
          abyss_entry, hell_entry, reono_crystal_passage, serial_bayou_shore_a
Depths:3: evilmike_diamond_2, layout_basic, minmay_misc_feat_encased,
          hellmouth_1, nicolae_abyss_entry_one_way_or_another, pan_entry,
          grunt_ministairs_12
Depths:4: evilmike_zot_entry_diamond, layout_gridlike, enter_ziggurat_f,
          hell_entry, abyss_entry_small_statue_room, nicolae_twisting_strands,
          pan_entry, kennysheep_random_hallway
Zot:1:    layout_cellular_growth, drop_trap, st_stairs_12, grunt_megastairs_5
Zot:2:    layout_gridlike, regret_index_zotdec_twisting_globes
Zot:3:    layout_gridlike, grunt_megastairs_1
Zot:4:    layout_basic, st_small_dragon_hoard_5, door_vault
Zot:5:    layout_basic

Skill      XL: |  1  2  3  4  5  6  7  8  9 10 11 12 13 14 15 16 17 18 19 20 21 22 23 24 25 |
---------------+----------------------------------------------------------------------------+-----
Stealth        | 2 3 4 6 10 12 | 12.0
Hexes          | 1 3 4 5 6 8 12 13 14 15 16 18 20 | 20.9
Ice Magic      | 1 2 3 5 7 |  7.0
Spellcasting   | 1 2 3 4 6 7 8 9 11 | 11.3
Fighting       | 4 5 7 8 9 10 11 12 13 14 15 16 17 18 20 | 20.9
Dodging        | 5 6 8 9 10 11 14 15 16 18 19 20 | 20.9
Transmutations | 1 |  1.0
Earth Magic    | 1 |  1.0
Unarmed Combat | 4 5 6 8 9 10 11 12 13 14 16 18 20 | 20.9
Conjurations   | 2 |  2.0
Air Magic      | 2 5 |  5.0
Shapeshifting  | 1 4 7 8 10 14 15 16 17 18 19 20 | 20.9
Evocations     | 3 5 7 15 16 | 16.6
Summonings     | 7 |  7.0
Translocations | 7 12 | 12.0

Action                     |  1- 3 |  4- 6 |  7- 9 | 10-12 | 13-15 | 16-18 | 19-21 | 22-24 | 25-27 || total
---------------------------+-------+-------+-------+-------+-------+-------+-------+-------+-------++-------
  Melee: Unarmed           |   125 |    63 |   137 |   313 |  1298 |  1407 |  1873 |  1810 |   292 ||  7318
         Bite              |    11 |     7 |     9 |    23 |   208 |   237 |   347 |   315 |    43 ||  1200
         Punch             |     2 |       |     6 |    16 |   115 |   126 |   297 |   295 |    43 ||   900
         Maw               |       |       |       |       |   245 |       |       |       |       ||   245
   Cast: Ensorcelled Hiber |    15 |    40 |    75 |   244 |   158 |     1 |     1 |     8 |       ||   542
         Passwall          |       |     5 |    12 |     9 |     6 |     1 |       |       |       ||    33
         Shock             |       |       |    75 |    13 |    13 |       |       |       |       ||   101
         Summon Mana Viper |       |       |       |       |    64 |    92 |     4 |     1 |       ||   161
         Vhi's Electric Ch |       |       |       |       |       |    14 |    22 |    40 |     5 ||    81
         Tukima's Dance    |       |       |       |       |       |     3 |       |       |       ||     3
         Manifold Assault  |       |       |       |       |       |       |    61 |   268 |    72 ||   401
         Silence           |       |       |       |       |       |       |     1 |    13 |       ||    14
         Blink             |       |       |       |       |       |       |     1 |       |     4 ||     5
  Evoke: Wand              |       |       |     5 |    24 |    27 |     8 |     1 |     7 |     5 ||    77
         Phantom mirror    |       |       |       |       |       |       |     1 |       |       ||     1
         Condenser vane    |       |       |       |       |       |       |       |     2 |       ||     2
         Sack of spiders   |       |       |       |       |       |       |       |     1 |       ||     1
    Use: Potion            |     3 |       |     2 |     4 |     1 |     3 |     2 |    18 |     9 ||    42
         Scroll            |     2 |       |     8 |     8 |     6 |       |     7 |     6 |    19 ||    56
   Stab: Sleeping          |    17 |    21 |    38 |   103 |   102 |    12 |    37 |     4 |     1 ||   335
         Petrified         |     2 |       |       |       |       |       |       |       |       ||     2
         Confused          |       |     2 |     2 |     1 |     5 |    14 |     5 |     8 |     1 ||    38
         Distracted        |       |       |     2 |       |    12 |    18 |     5 |     5 |       ||    42
         Paralysed         |       |       |     1 |       |       |       |     2 |     1 |       ||     4
         Invisible         |       |       |     2 |     1 |     4 |       |       |     2 |       ||     9
         Held in net/web   |       |       |       |       |       |       |       |     1 |       ||     1
 Armour: Skin              |    40 |    22 |    37 |   123 |   264 |   583 |   665 |   811 |   101 ||  2646
  Dodge: Dodged            |    83 |    45 |   151 |   534 |  1866 |  3977 |  4552 |  2993 |   263 || 14464
  Block: Other             |       |       |       |    41 |   396 |   451 |   371 |       |       ||  1259
         Reflection        |       |       |       |       |     3 |       |       |       |       ||     3
   Form: Beast             |     1 |       |       |       |       |       |       |       |       ||     1
         Maw               |       |       |       |       |     1 |       |       |       |       ||     1
         Statue            |       |       |       |       |     1 |       |       |       |       ||     1

Table legend: (Time is in decaauts)
 A = Elapsed time spent in this place.
 B = Non-inter-level travel time spent in this place.
 C = Inter-level travel time spent in this place.
 D = Time resting spent in this place.
 E = Time spent auto-exploring this place.
 F = Levels seen in this place.
 G = Mean time per level.
                   A        B        C        D        E       F      G
               +--------+--------+--------+--------+--------+-----+--------+
         Total |  66003 |  58825 |   7178 |   6869 |  32996 |  53 | 1245.3 |
       Dungeon |  20321 |  17527 |   2794 |   4270 |   7612 |  15 | 1354.7 |
          Lair |   6802 |   5879 |    923 |    720 |   3335 |   5 | 1360.4 |
         Swamp |   3159 |   2859 |    300 |      0 |   1922 |   4 |  789.8 |
   Spider Nest |   5384 |   5153 |    231 |      0 |   3669 |   4 | 1346.0 |
  Orcish Mines |   1721 |   1457 |    264 |    203 |    664 |   2 |  860.5 |
   Elven Halls |   5103 |   4723 |    380 |    170 |   3064 |   3 | 1701.0 |
        Vaults |  10473 |   9039 |   1434 |    328 |   6084 |   5 | 2094.6 |
         Crypt |   4126 |   3907 |    219 |    318 |   2305 |   3 | 1375.3 |
        Depths |   7203 |   6698 |    505 |    526 |   4126 |   4 | 1800.8 |
           Zot |   1119 |    996 |    123 |    331 |    135 |   5 |  223.8 |
         Abyss |    427 |    427 |      0 |      0 |      0 |   2 |  213.5 |
        Bazaar |    160 |    160 |      0 |      0 |     75 |   1 |  160.0 |
               +--------+--------+--------+--------+--------+-----+--------+

Top non-repeatable levels by time:
Vaults:2: 2680 daAuts
Vaults:5: 2351 daAuts
Depths:3: 2185 daAuts
    D:14: 2067 daAuts
   Elf:3: 1974 daAuts
Vaults:4: 1972 daAuts
  Lair:4: 1898 daAuts
Vaults:3: 1801 daAuts
Spider:2: 1754 daAuts
   Elf:2: 1751 daAuts
Depths:2: 1733 daAuts
Depths:1: 1680 daAuts
Vaults:1: 1667 daAuts
     D:4: 1663 daAuts
  Lair:1: 1651 daAuts

Table legend:
 A = Kills in this place as a percentage of kills in the entire game.
 B = Kills by you in this place as a percentage of kills by you in the entire game.
 C = Kills by friends in this place as a percentage of kills by friends in the entire game.
 D = Other kills in this place as a percentage of other kills in the entire game.
 E = Experience gained in this place as a percentage of experience gained in the entire game.
 F = Experience gained in this place divided by the number of levels of this place that you have seen.
                   A       B       C       D       E      F
               +-------+-------+-------+-------+-------+----------------------
         Total | 100.0 | 100.0 | 100.0 | 100.0 | 100.0 | 22950.7
       Dungeon |  18.3 |  17.0 |  36.2 |   0.0 |   5.5 | 4439.6
          Lair |   9.4 |   8.2 |  22.0 |  10.0 |   4.9 | 11804.2
         Swamp |   4.8 |   4.3 |   5.6 |  22.5 |   4.8 | 14579.8
   Spider Nest |   9.1 |   8.3 |  18.1 |   2.5 |   6.8 | 20654.0
  Orcish Mines |   5.4 |   6.0 |   0.0 |   0.0 |   0.7 | 4355.5
   Elven Halls |   7.9 |   7.3 |  12.4 |  17.5 |   9.8 | 39701.7
        Vaults |  19.0 |  20.5 |   2.8 |  20.0 |  27.4 | 66615.2
         Crypt |   7.9 |   8.7 |   0.0 |   2.5 |  10.7 | 43369.3
        Depths |  15.4 |  16.6 |   1.1 |  22.5 |  24.2 | 73473.0
           Zot |   1.9 |   2.0 |   0.0 |   2.5 |   4.5 | 10862.4
         Abyss |   1.0 |   0.9 |   1.7 |   0.0 |   0.9 | 5317.5
               +-------+-------+-------+-------+-------+----------------------
